Cogmind - Beta 16 @@@ ROGUE MODE // 2026.01.26 @ 13:14:38 Player: FrigidRock Result: Destroyed by P-80 Master with Gamma Rifle Performance ------------- Evolutions (9) 4500 Regions Visited (38) 7600 Robots Destroyed (500) 2500 Value Destroyed (28694) 28694 Prototype IDs (53) 1060 Alien Tech Used (1) 200 Bonus (24998) 24998 TOTAL SCORE: 69552 Bonus ------- High Alert Combat Kills 8676 Follower Combat Kills 6397 Entered Garrisons 1000 Network Hubs Disabled 200 Met Data Miner 300 Acquired ECA 300 Met Warlord at Base 500 MAIN.C Attacked Warlord 500 Warlord Defense Kills 856 Built Enhanced Grunts 300 A7 Reached Mainframe 300 Met R17 at Cetus 500 Met R17 at Research 2000 Met Warlord at Research 2000 Invited to Help at Command 2000 Friendly Fire -831 Cogmind --------- Core Integrity 0/1600 Matter 300/300 Energy 71/100 System Corruption 14% Temperature Cool (0) Movement Core (50) Location -1/Access Parts ------- > --- POWER (3) -------- (None) > --- PROPULSION (8) --- (None) > --- UTILITY (11) ----- Experimental Signal Interpreter Advanced Targeting Computer Advanced Target Analyzer Experimental Core Analyzer > --- WEAPON (4) ------- (None) > --- INVENTORY (5) ---- Improved Antigrav System Improved System Guard Vortex Cannon (2) Hardcell Cannon Advanced Remote Datajack Peak State ------------ > --- POWER ------------ Reinforced Antimatter Reactor Reinforced Antimatter Reactor Quantum Reactor > --- PROPULSION ------- Experimental Biometal Heavy Treads Advanced Heavy Siege Treads Advanced Heavy Siege Treads Advanced Heavy Siege Treads > --- UTILITY ---------- Advanced Cryofiber Web Experimental Heat Sink Huge Storage Unit Experimental Signal Interpreter Advanced Targeting Computer Experimental Core Analyzer Experimental Core Analyzer Advanced Transmission Jammer Centrium Medium Armor Plating Advanced Hacking Suite Ghost Barrier > --- WEAPON ----------- Compact HERF Cannon Vortex Cannon Heavy Gauss Cannon Enhanced Hardcell Cannon > --- INVENTORY -------- Particle Reactor Particle Reactor Biometal Medium Treads Advanced Heavy Siege Treads High-density Centrium Leg Combat Linear Gravjet Advanced Heat Sink Advanced Heat Sink Advanced Energy Well Advanced Recoil Stabilizer Improved Weapon Shielding Improved Medium Armor Plating Centrium Medium Armor Plating Improved Remote Force Field Splice Drone Bay Compact HERF Cannon Vortex Cannon Nova Cannon Enhanced Nova Cannon Heavy Gauss Cannon Fusion Bomb Launcher Advanced Remote Datajack [Rating: 223] Favorites ----------- Power Reinforced Fission Core Engine Heavy Ion Engine Power Core Reinforced Fission Core Reactor Light Antimatter Reactor Propulsion Armored Huge Wheel Treads Centrium Heavy Treads Leg Improved Aluminum Leg Wheel Armored Huge Wheel Hover Unit Improved Antigrav System Flight Unit Impulse Thruster Array Utility Huge Storage Unit Device Advanced Cryofiber Web Storage Huge Storage Unit Processor Advanced Targeting Computer Hackware Ghost Barrier Protection Centrium Medium Armor Plating Weapon Heavy Beamcaster Energy Gun Heavy Beamcaster Energy Cannon Compact HERF Cannon Ballistic Gun Enhanced Autogun Ballistic Cannon Advanced Assault Cannon Launcher Improved Grenade Launcher Special Weapon Advanced Remote Datajack Special Melee Weapon Improved Datajack Build | -11 -10 -10 -10 -9 -8 -8 -8 -7 -7 -7 -7 -7 -7 -7 -7 -6 -6 -6 -6 -6 -6 -6 -5 -5 -5 -5 -4 -4 -4 -4 -4 -4 -3 -3 -3 -3 -2 -1 ------- Run | Yrd Mat Min Exi Min Mat Gar Mat Fac Was Fac Gar Fac Low Low Dat Pro Fac Was Fac Gar Fac Gar Fac Upp Upp War Pro Fac Ext Cet Arc Hub Res Gar Res Tes Res Acc Slots Evolved 18 | . . . . . 4 . . 2 . . . . . . . . 2 . . . . . 2 . . . . 2 . . . . 2 . . . 2 2 Power 2 | . . . . . . . . . . . . . . . . . . . . . . . 1 . . . . . . . . . . . . . 1 . Propulsion 5 | . . . . . 2 . . 1 . . . . . . . . . . . . . . . . . . . . . . . . 2 . . . . . Utility 9 | . . . . . 1 . . 1 . . . . . . . . 2 . . . . . 1 . . . . 2 . . . . . . . . 1 1 Weapon 2 | . . . . . 1 . . . . . . . . . . . . . . . . . . . . . . . . . . . . . . . . 1 Parts Attached 297 | 8 10 . . 3 35 13 2 7 1 9 10 3 5 1 . 2 5 3 1 9 3 5 6 4 1 8 3 13 9 9 9 7 16 9 9 3 19 37 Power 32 | 2 . . . 1 2 1 . 1 1 . 1 1 . . . . . . . . . . 1 . . 1 . . 1 2 1 . 4 3 1 . 6 2 Engine 8 | 2 . . . 1 2 1 . 1 . . . 1 . . . . . . . . . . . . . . . . . . . . . . . . . . Core 3 | . . . . . . . . . . . 1 . . . . . . . . . . . . . . . . . . 1 . . . 1 . . . . Reactor 21 | . . . . . . . . . 1 . . . . . . . . . . . . . 1 . . 1 . . 1 1 1 . 4 2 1 . 6 2 Propulsion 72 | 2 4 . . . 7 5 . 2 . 3 1 . 2 . . 2 3 1 . 3 1 . . . . 1 2 2 1 3 . 1 3 . 1 1 7 14 Treads 41 | 2 2 . . . 4 2 . 1 . 3 1 . 2 . . 2 3 1 . . . . . . . . 1 2 1 3 . . 3 . 1 1 6 . Leg 2 | . . . . . . 1 . . . . . . . . . . . . . . . . . . . . . . . . . . . . . . 1 . Wheel 13 | . 2 . . . 3 2 . 1 . . . . . . . . . . . 3 1 . . . . 1 . . . . . . . . . . . . Hover 13 | . . . . . . . . . . . . . . . . . . . . . . . . . . . 1 . . . . . . . . . . 12 Flight 3 | . . . . . . . . . . . . . . . . . . . . . . . . . . . . . . . . 1 . . . . . 2 Utility 111 | 2 2 . . 2 10 1 1 3 . 2 4 2 2 1 . . 2 . . 4 2 4 4 3 . 5 1 8 4 1 5 5 3 2 4 2 3 17 Device 48 | 1 . . . 1 4 . . . . . 2 2 1 1 . . 1 . . 1 1 1 3 . . 3 1 4 2 . 3 2 2 1 2 . 2 7 Storage 9 | 1 1 . . . 2 . . . . 1 . . 1 . . . . . . . . . . . . . . . . . . . . . . . 1 2 Processor 21 | . . . . . 1 . . 1 . 1 1 . . . . . 1 . . . 1 . . 1 . 2 . 1 1 . . . 1 1 2 1 . 5 Hackware 9 | . . . . . 1 . . . . . . . . . . . . . . . . 1 1 . . . . 1 . . 2 . . . . 1 . 2 Protection 24 | . 1 . . 1 2 1 1 2 . . 1 . . . . . . . . 3 . 2 . 2 . . . 2 1 1 . 3 . . . . . 1 Artifact . | . . . . . . . . . . . . . . . . . . . . . . . . . . . . . . . . . . . . . . . Weapon 82 | 2 4 . . . 16 6 1 1 . 4 4 . 1 . . . . 2 1 2 . 1 1 1 1 1 . 3 3 3 3 1 6 4 3 . 3 4 Energy Gun 22 | 1 2 . . . 5 2 1 1 . 1 . . . . . . . 1 1 2 . . . . . . . . 1 1 1 . 2 . . . . . Energy Cannon 18 | . 2 . . . 5 2 . . . . . . 1 . . . . . . . . 1 . . . . . 1 . . . . 1 2 1 . . 2 Ballistic Gun 9 | 1 . . . . 2 . . . . . . . . . . . . . . . . . . . . 1 . . 1 2 1 . . . . . . 1 Ballistic Cannon 21 | . . . . . 3 . . . . 2 3 . . . . . . 1 . . . . 1 . 1 . . 2 . . . . 2 2 1 . 2 1 Launcher 7 | . . . . . 1 1 . . . 1 . . . . . . . . . . . . . 1 . . . . 1 . . . 1 . . . 1 . Special Weapon 3 | . . . . . . 1 . . . . . . . . . . . . . . . . . . . . . . . . . 1 . . 1 . . . Impact Weapon . | . . . . . . . . . . . . . . . . . . . . . . . . . . . . . . . . . . . . . . . Slashing Weapon . | . . . . . . . . . . . . . . . . . . . . . . . . . . . . . . . . . . . . . . . Piercing Weapon . | . . . . . . . . . . . . . . . . . . . . . . . . . . . . . . . . . . . . . . . Special Melee Weapon 2 | . . . . . . . . . . . 1 . . . . . . . . . . . . . . . . . . . 1 . . . . . . . Unidentified Prototypes 30 | . . . . 1 5 . . 1 . . . 1 1 1 . . . . . . . . . . . 5 1 1 2 4 . 1 . . 1 2 2 1 Corrupted Parts 3 | . . . . . . . . . . . . . . . . . . . . . . . . . . . . . . . 2 . . . 1 . . . System Corruption 24 | . . . . . . . . . . . . . . . . . . . . . . . . . . . . . . . 17 . . . 7 . . . Parts Lost 93 | . . . . . 5 7 3 . . 2 1 . 1 . . 3 1 . . 2 . 1 1 . . . 3 4 2 . . 3 2 2 4 . 2 44 Power 11 | . . . . . 2 . . . . . . . . . . . . . . . . . . . . . . . . . . 1 1 1 2 . . 4 Propulsion 31 | . . . . . 3 3 . . . 2 1 . 1 . . 3 1 . . 1 . . . . . . 1 . . . . . . . . . . 15 Utility 31 | . . . . . . 1 1 . . . . . . . . . . . . . . . 1 . . . 2 2 . . . 1 1 1 2 . 1 18 Weapon 20 | . . . . . . 3 2 . . . . . . . . . . . . 1 . 1 . . . . . 2 2 . . 1 . . . . 1 7 Highest Loss Streak 10 | . . . . . 3 3 2 . . 2 1 . 1 . . 2 1 . . 2 . 1 1 . . . 2 2 1 . . 1 1 2 2 . 1 10 To Critical Strikes 4 | . . . . . . . . . . . . . . . . 1 . . . 1 . . . . . . . . . . . . . . . . 1 1 Average Backups 20 | 3 7 9 9 9 20 17 16 13 17 19 20 19 20 22 24 22 20 21 24 23 23 22 22 22 23 22 22 21 21 21 22 22 23 22 22 23 22 14 Power 1 | . 1 1 1 1 1 1 2 2 2 1 1 1 1 1 1 1 1 1 1 1 1 1 . 1 1 1 1 1 2 2 1 . 1 1 1 . 1 1 Propulsion 2 | 1 2 2 2 2 1 . . . 1 3 . 1 . 2 2 . . . . . 2 1 1 2 3 3 5 5 5 4 3 4 4 2 2 1 1 2 Utility 8 | . 1 3 3 3 6 6 6 5 6 7 9 9 8 9 11 11 9 9 11 10 10 11 12 12 12 12 11 10 8 8 10 10 9 10 8 9 8 6 Weapon 6 | . 3 3 3 3 9 6 4 3 5 5 6 6 6 7 7 7 7 8 9 8 7 6 4 4 5 4 4 4 3 4 5 5 6 7 9 12 9 3 Tool/Special . | . . . . . . . . . . . . . . . . . . . . . . . . . . . . . . . . . . . . . . . Unused Backups 85 | . 5 . 1 . 13 . 1 2 2 3 2 . 1 1 . . . 3 . 1 . 1 3 1 2 4 1 . 2 5 3 1 10 2 1 1 6 7 Power 11 | . . . . . 2 . . . 2 . . . . . . . . . . . . . . . . . . . 2 . 2 . 2 . . . 1 . Propulsion 23 | . 4 . . . . . 1 . . . . . . . . . . . . . . 1 . . . . 1 . . 4 . 1 7 . . . 1 3 Utility 25 | . . . 1 . 2 . . 2 . 1 1 . 1 1 . . . 1 . 1 . . 3 . 2 3 . . . . . . 1 . . 1 2 2 Weapon 24 | . 1 . . . 8 . . . . 2 1 . . . . . . 2 . . . . . . . 1 . . . 1 1 . . 2 1 . 2 2 Tool/Special 2 | . . . . . 1 . . . . . . . . . . . . . . . . . . 1 . . . . . . . . . . . . . . Average Slot Usage (%) 85 | . 99 100 100 100 96 90 80 78 76 81 87 92 91 92 92 90 90 98 93 84 81 80 82 83 83 79 76 79 78 81 76 84 79 80 80 72 82 76 Engine 2 | . 14 14 14 14 8 9 9 7 . . . . . . . . . . . . . . . . . . . . . . . . . . . . . . Core 2 | . . . . . . . . . . . 5 7 7 7 7 7 6 6 6 6 6 6 5 5 5 2 . . . 1 . 1 . 3 1 . . . Reactor 3 | . . . . . . . . . 6 7 1 . . . . . . . . . . . 5 5 5 5 5 5 5 5 9 8 7 4 6 9 11 8 Treads 14 | . 12 . . . 9 21 . . . 2 25 30 33 35 35 33 28 35 31 10 . . . . . . 1 10 15 15 15 14 18 18 18 18 15 8 Wheel 7 | . 15 28 28 28 23 4 18 18 23 19 . . . . . . . . . 10 18 18 16 16 16 16 14 4 . . . . . . . . . . Device 9 | . 6 . . . 3 2 4 4 7 6 1 5 7 6 7 7 11 12 12 9 10 6 12 11 11 14 6 19 16 20 17 11 12 12 15 18 15 10 Storage 6 | . 14 14 14 14 9 9 9 7 7 7 7 7 7 7 7 7 6 6 6 6 6 6 5 5 5 5 5 5 5 5 5 5 4 4 4 4 4 2 Processor 13 | . . . . . 6 9 9 14 15 15 15 16 14 14 14 14 17 18 18 13 16 18 16 16 16 16 16 15 18 15 15 15 17 17 16 13 12 14 Protection 4 | . 8 14 14 14 7 6 4 2 . . 5 . . . . . . . . 7 3 5 2 5 5 1 9 4 5 5 5 7 4 4 2 3 4 2 Energy Gun 5 | . 12 14 14 14 1 11 11 14 15 12 8 7 7 7 7 7 6 6 6 10 12 10 5 5 5 4 5 5 2 4 . . 2 . . . . . Energy Cannon 3 | . 14 14 14 14 5 5 2 . . . . . 4 6 . . . . . . . 1 5 5 1 . . . 3 . . . 3 4 4 3 6 4 Ballistic Gun 2 | . 1 . . . 10 1 5 . . . . . . . . . . . . . . . . . . . 5 3 . 8 6 14 . . . . . . Ballistic Cannon 6 | . . . . . 8 6 6 6 . 7 12 12 9 5 14 7 11 11 9 2 4 4 5 4 7 10 2 5 5 . . . 4 8 8 1 5 4 Peak Build Rating 223 | 9 14 13 13 18 39 42 42 50 50 64 71 61 64 65 65 62 65 72 77 84 78 80 91 90 92 106 121 148 150 172 171 174 184 177 179 177 209 223 Average Rating 98 | 5 12 13 13 13 32 36 40 45 48 53 63 59 60 59 64 52 61 63 71 75 76 77 88 88 88 96 110 140 143 166 158 166 177 174 176 161 199 182 On Entrance 84 | . 9 13 13 13 14 37 42 39 44 50 64 58 60 60 65 62 49 61 72 77 76 77 79 91 87 88 106 121 147 150 171 168 146 176 174 177 161 203 Avg Prop Armor Cover (%) 9 | . . . . . 2 3 . 8 . . 11 . . . . . . . . . . . . . . . 10 8 . . . . . . 8 . . 16 Naked Turns . | . . . . . . . . . . . . . . . . . . . . . . . . . . . . . . . . . . . . . . . Heaviest Build 215 | 14 29 29 29 29 107 74 69 78 65 115 128 81 124 128 125 118 130 122 122 134 125 136 146 146 150 163 152 158 167 171 172 164 143 145 152 147 197 215 Greatest Support 325 | 40 46 24 24 24 82 82 56 66 66 168 168 146 166 158 158 124 144 174 174 174 84 84 84 84 84 84 84 210 215 240 240 240 320 280 280 290 325 325 Greatest Overweight (x) 9 | 2 9 1 1 1 8 2 1 1 . 4 1 . . . . 1 1 . . 2 1 1 1 1 1 1 2 2 . . . 1 . . . . . 2 Average Overweight (x) . | . . 1 1 1 1 . 1 . . . . . . . . . . . . . 1 1 1 1 1 1 1 1 . . . . . . . . . . Largest Inventory Capacity 25 | 8 10 10 10 10 25 20 20 20 20 25 25 20 25 25 25 25 25 25 25 25 25 25 25 25 25 25 25 25 25 25 25 25 25 25 25 25 25 25 Average Capacity 22 | 5 9 10 10 10 22 20 20 20 20 24 22 20 23 25 25 25 22 25 25 25 25 25 25 25 25 25 25 25 25 25 25 25 25 25 25 25 25 17 Most Carried 25 | 4 9 9 9 10 25 19 19 16 20 24 22 20 22 24 24 24 21 24 24 25 25 25 25 25 25 25 25 25 25 25 25 25 25 25 25 25 25 25 Average Carried 21 | 3 7 9 8 9 20 17 16 13 18 21 20 19 20 22 24 22 20 21 24 23 24 23 23 24 24 24 24 22 22 23 24 24 23 24 24 24 23 15 Final Capacity 25 | 8 10 10 10 10 20 20 20 20 20 25 20 20 25 25 25 25 25 25 25 25 25 25 25 25 25 25 25 25 25 25 25 25 25 25 25 25 25 5 Final Carried 25 | 4 9 9 9 10 19 18 14 15 20 19 20 19 22 24 24 22 21 24 24 25 25 25 25 25 23 25 24 23 23 24 25 23 25 25 24 24 25 5 Class Distribution -------------------- 27% | Gunner 26% | Scavenger-Gunner 8% | Tank 7% | Scavenger-Tank 7% | Skirmisher 6% | Commander-Gunner 5% | Mutant 3% | Scavenger-Skirmisher 3% | Commander-Mutant Dominant Class ---------------- Mutant | -10/Materials Mutant | -10/Mines Mutant | -10/Exiles Mutant | -9/Mines Gunner | -8/Materials Gunner | -8/Garrison Gunner | -8/Materials Scavenger-Gunner | -7/Factory Scavenger-Mutant | -7/Waste Scavenger-Gunner | -7/Factory Tank | -7/Garrison Skirmisher | -7/Factory Skirmisher | -7/Lower Caves Skirmisher | -7/Lower Caves Tank | -7/Data Miner Skirmisher | -6/Proximity Caves Gunner | -6/Factory Scavenger-Skirmisher | -6/Waste Scavenger-Skirmisher | -6/Factory Gunner | -6/Garrison Commander-Gunner | -6/Factory Commander-Gunner | -6/Garrison Gunner | -5/Factory Gunner | -5/Upper Caves Gunner | -5/Upper Caves Gunner | -5/Warlord Scavenger-Gunner | -4/Proximity Caves Scavenger-Gunner | -4/Factory Scavenger-Gunner | -4/Extension Commander-Gunner | -4/Cetus Commander-Mutant | -4/Archives Scavenger-Tank | -4/Hub_04(d) Scavenger-Gunner | -3/Research Scavenger-Gunner | -3/Garrison Scavenger-Gunner | -3/Research Scavenger-Mutant | -3/Testing Scavenger-Tank | -2/Research Scavenger-Gunner | -1/Access Resources | -11 -10 -10 -10 -9 -8 -8 -8 -7 -7 -7 -7 -7 -7 -7 -7 -6 -6 -6 -6 -6 -6 -6 -5 -5 -5 -5 -4 -4 -4 -4 -4 -4 -3 -3 -3 -3 -2 -1 ----------- Run | Yrd Mat Min Exi Min Mat Gar Mat Fac Was Fac Gar Fac Low Low Dat Pro Fac Was Fac Gar Fac Gar Fac Upp Upp War Pro Fac Ext Cet Arc Hub Res Gar Res Tes Res Acc Matter Collected 15492 | 268 115 . . 50 1388 801 333 161 10 150 1120 25 405 263 . 98 203 86 13 801 25 458 208 106 141 311 348 696 676 226 362 848 442 899 1232 . 805 1419 Remotely . | . . . . . . . . . . . . . . . . . . . . . . . . . . . . . . . . . . . . . . . Salvage Created 20851 | 97 528 . . 12 1964 1375 582 290 . 136 895 68 120 301 . 74 68 . 24 1679 . 796 203 146 90 263 224 989 827 177 510 1907 304 1632 1711 . 809 2050 Parts 901 | 4 30 . . 3 95 89 23 19 . 9 35 3 6 15 . 3 2 . 3 51 . 45 6 8 2 6 14 39 35 10 25 58 13 69 55 . 19 107 Haulers Intercepted 6 | . 1 . . . 1 . 2 . . . . . . 1 . . . . . . . . . . . . . . . . . 1 . . . . . . Recyclers Shooed 3 | . . . . . 1 . . . . . . . . . . . . . . . . . 1 . . . . 1 . . . . . . . . . . Parts Field Recycled . | . . . . . . . . . . . . . . . . . . . . . . . . . . . . . . . . . . . . . . . Retrieved Matter . | . . . . . . . . . . . . . . . . . . . . . . . . . . . . . . . . . . . . . . . Parts Self-Destructed 45 | . . . . . . . . . . . . . 6 19 . . . . . . . . . 6 2 . 12 . . . . . . . . . . . Prevented . | . . . . . . . . . . . . . . . . . . . . . . . . . . . . . . . . . . . . . . . Parts Restored . | . . . . . . . . . . . . . . . . . . . . . . . . . . . . . . . . . . . . . . . Kills | -11 -10 -10 -10 -9 -8 -8 -8 -7 -7 -7 -7 -7 -7 -7 -7 -6 -6 -6 -6 -6 -6 -6 -5 -5 -5 -5 -4 -4 -4 -4 -4 -4 -3 -3 -3 -3 -2 -1 ------- Run | Yrd Mat Min Exi Min Mat Gar Mat Fac Was Fac Gar Fac Low Low Dat Pro Fac Was Fac Gar Fac Gar Fac Upp Upp War Pro Fac Ext Cet Arc Hub Res Gar Res Tes Res Acc Combat Hostiles Destroyed 404 | . 10 . . . 35 33 14 8 . 7 26 2 3 8 . 7 2 . 1 22 . 22 4 6 1 8 8 15 11 2 3 21 10 36 23 . 15 41 Melee 2 | . . . . . . . . . . . . . . . . . . . . . . . . . . . . . . . . 2 . . . . . . Guns 112 | . 6 . . . 14 13 6 1 . 1 11 . 1 3 . 1 1 . . 3 . 11 3 1 1 . 2 6 1 1 3 19 2 . . . . 1 Cannons 184 | . 4 . . . 15 10 3 3 . 3 7 2 2 2 . 4 1 . 1 9 . 4 1 1 . 1 2 9 9 1 . . 4 30 21 . 8 27 AOE 94 | . . . . . 5 10 5 4 . 3 8 . . 3 . 2 . . . 10 . 6 . 4 . 7 4 . . . . . 4 4 . . 5 10 Classes Destroyed 26 | 2 4 . . . 8 4 . . . . . . . . . . . . . . . 1 . 1 . 1 . . . . . 2 1 . . . 1 1 Worker 20 | . . . . . 6 . 1 3 . . . . . . . . . . . . . . . . . . . . . . . 6 . . . . . 4 Builder 18 | . 1 . . 1 . . . . . . . . . . . . . . . . . . 1 . . . . . 2 . . 6 1 . 2 . . 4 Tunneler 5 | 1 . . . . . . . . . . . . . . . . 1 . . . . . 1 . . . . . . . . 2 . . . . . . Hauler 6 | . 1 . . . 1 . 2 . . . . . . 1 . . . . . . . . . . . . . . . . . 1 . . . . . . Recycler 11 | 1 . . . . 4 . . . . 1 . . . . . . . . . . . . 1 . . . . 2 . . . . . . 2 . . . Carrier 1 | . . . . . . . . . . . . . . . . . . . . . . . . . . . . . . . . 1 . . . . . . Mechanic 1 | . . . . . 1 . . . . . . . . . . . . . . . . . . . . . . . . . . . . . . . . . Operator 11 | . . . . . 2 . . . . . . . . . . . . . . . . . . . . . . 1 . . 7 . . . . . 1 . Watcher 18 | . 2 . . . 5 . 2 . . . 1 . . . . . . . . . . . . . . . . 2 . 1 . 1 . . 2 . . 2 Swarmer 113 | . . . . . 7 8 3 5 . 6 4 . . . . 7 . . 1 6 . 9 4 5 . . 5 4 . . . . 7 13 3 . 3 13 Cutter 5 | . . . . . . . . . . . . . . . . . . . . . . 1 . . . . . . . . . . . 4 . . . . Saboteur 1 | . . . . . . . . . . . . . . . . . . . . . . . . . . . . . . . . 1 . . . . . . Grunt 138 | . 10 . . . 16 10 9 . . . 12 . 2 8 . . . . . 6 . 5 . . . 6 . . 6 . . 12 2 9 9 . 6 10 Brawler 11 | . . . . . . 3 1 1 . . 2 . . . . . . . . 3 . . . . . . . . . . . . . . . . . 1 Duelist 7 | . . . . . . 1 . . . . 1 . 1 . . . . . . . . 1 . . . . . . 1 . . 2 . . . . . . Protector 4 | . . . . . . . . . . . . . . . . . . . . . . . . . . 2 . . . . . 2 . . . . . . Sentry 43 | . . . . . 9 6 . . . . 4 1 . . . . 1 . . 3 . 3 . 1 1 . . 1 3 . 3 1 . 4 2 . . . Specialist 7 | . . . . . 2 . . . . . 1 . . . . . . . . 3 . . . . . . . . . . . 1 . . . . . . Hunter 28 | . . . . . 1 1 1 2 . 1 1 1 . . . . . . . 1 . . . . . . 2 1 . . . . . 4 3 . 3 6 Programmer 36 | . . . . . . 3 . . . . 1 . . . . . 1 . . . . 4 . . . . . 9 . . . 2 . 1 6 . . 9 Heavy 1 | . . . . . 1 . . . . . . . . . . . . . . . . . . . . . . . . . . . . . . . . . Behemoth 5 | . . . . . . 1 . . . . . . . . . . . . . . . . . . . . 1 . 1 . . . . 1 . . . 1 Cetus Guard 2 | . . . . . . . . . . . . . . . . . . . . . . . . . . . . . . 2 . . . . . . . . Striker 3 | . . . . . . . . . . . . . . . . . . . . . . . . . . . . . . . . . 1 . . . 2 . Executioner 1 | . . . . . . . . . . . . . . . . . . . . . . . . . . . . . . . . . . . . . 1 . Samaritan 1 | . . . . . . . . . . . . . . . . . . . . . . . . 1 . . . . . . . . . . . . . . Thug 2 | . . . . . . . . . . . . . . . . . . . . 2 . . . . . . . . . . . . . . . . . . Butcher 1 | . . . . . . . . . . . . . . . . . . . . . . . . . . . . . 1 . . . . . . . . . Fireman 1 | . . . . . . . . . . . . . . . . . . . . . . . . . . . . . . . . . . . . . . 1 Best Kill Streak 21 | 1 5 . . 1 7 5 6 4 . 5 4 1 3 4 . 4 1 . 1 7 . 4 4 5 1 7 5 5 2 2 4 21 5 7 3 . 7 9 Combat Bots Only 11 | . 2 . . . 4 5 5 4 . 5 4 1 3 3 . 4 1 . 1 7 . 4 3 5 1 7 5 4 2 1 3 11 4 7 3 . 7 6 Max Kills in Single Turn 5 | 1 2 . . 1 3 3 2 4 . 3 3 1 1 2 . 1 1 . 1 2 . 3 1 2 1 3 3 2 2 1 1 4 2 3 1 . 2 5 Gunslinging 1 | . . . . . . . . . . . . . . . . . . . . . . . . . . . . . . . . 1 . . . . . . Exploded 5 | . . . . . 3 3 2 4 . 3 3 . . 2 . 1 . . . 2 . 3 . 2 . 3 3 . . . . . 2 2 . . 2 5 Melee 1 | . . . . . . . . . . . . . . . . . . . . . . . . . . . . . . . . 1 . . . . . . Uniques/NPCs Destroyed . | . . . . . . . . . . . . . . . . . . . . . . . . . . . . . . . . . . . . . . . Combat | -11 -10 -10 -10 -9 -8 -8 -8 -7 -7 -7 -7 -7 -7 -7 -7 -6 -6 -6 -6 -6 -6 -6 -5 -5 -5 -5 -4 -4 -4 -4 -4 -4 -3 -3 -3 -3 -2 -1 -------- Run | Yrd Mat Min Exi Min Mat Gar Mat Fac Was Fac Gar Fac Low Low Dat Pro Fac Was Fac Gar Fac Gar Fac Upp Upp War Pro Fac Ext Cet Arc Hub Res Gar Res Tes Res Acc Hostile Shots Fired 2287 | . 40 . . . 134 131 36 30 . 42 110 24 4 27 . 30 15 . 3 128 2 72 20 10 22 53 78 73 46 17 . 169 50 124 118 . 129 550 Missed 739 | . 9 . . . 42 30 7 5 . 15 36 11 . 11 . 11 2 . . 44 2 18 4 6 10 23 29 18 13 6 . 41 23 33 44 . 51 195 Hits 1548 | . 31 . . . 92 101 29 25 . 27 74 13 4 16 . 19 13 . 3 84 . 54 16 4 12 30 49 55 33 11 . 128 27 91 74 . 78 355 Melee 18 | . . . . . . . . 1 . . 3 . 2 . . . . . . . . 1 . . . . . . 1 . . 8 . 1 . . 1 . Projectile 1530 | . 31 . . . 92 101 29 24 . 27 71 13 2 16 . 19 13 . 3 84 . 53 16 4 12 30 49 55 32 11 . 120 27 90 74 . 77 355 AOE 6 | . . . . . . . . . . . . . . . . . . . . . . 1 . . . . . . . . . . . 4 . . 1 . Critical Strikes 79 | . . . . . 2 2 1 . . . 10 . . 1 . 1 1 . . 3 . 3 . . . 2 2 3 4 3 1 8 1 4 3 . 2 22 Part Disruptions 6 | . . . . . . . . . . . 1 . . . . . . . . . . . . . . . . . . . . . . . 2 . . 3 Damage Taken 31742 | 37 466 . . . 1500 2133 444 365 . 434 1338 124 96 327 . 335 136 . 46 1410 . 762 314 76 271 311 1025 1358 833 195 5 2693 747 2088 1649 . 2010 8214 Core 3013 | . 71 . . . 108 179 40 27 . 88 115 16 . 21 . 23 12 . . 61 . 80 52 13 . 28 94 26 . . . 110 21 105 66 . 46 1611 Absorbed by Shields 629 | . . . . . . . . . . . . . . . . . . . . . . 62 . . . 214 . . 48 174 5 126 . . . . . . Reduced by Siege Mode 261 | . . . . . . . . . . . . . . . . . . . . . . . . . . . . . . . . . . . . . . 261 Redirected to Shielding 130 | . . . . . . . . . . . . . . . . . . . . . . . . . 66 . 64 . . . . . . . . . . . Regen/Repaired (Parts) 1094 | . . . . . . . . . . . . . . . . . . 101 26 516 . . . . . 313 . . . . . . . . . . 83 55 Core Remaining (%) 77 | 100 . . . 71 . . 40 . . . . . . . . 58 . . . . . 82 . . . . 81 . . . . 88 . . . 85 96 . Volleys Fired 1128 | 6 24 . . 2 113 97 28 14 . 20 68 11 7 16 . 11 7 . 5 90 3 55 21 7 7 13 20 46 47 19 30 52 25 64 65 4 30 101 Largest 4 | 2 2 . . 2 3 3 3 3 . 3 3 3 3 3 . 3 3 . 2 3 3 3 3 3 3 3 3 3 3 3 3 3 3 3 3 1 3 4 Hottest 389 | 60 113 . . 113 205 229 196 195 . 195 170 162 187 180 . 151 162 . 87 237 202 209 218 218 179 179 170 187 226 308 150 105 229 389 242 94 246 297 Shots Fired 2572 | 12 46 . . 4 301 188 75 29 . 35 153 20 19 36 . 17 16 . 6 188 5 112 45 15 19 17 51 121 118 35 47 136 40 158 173 4 79 252 Gun 1083 | 12 22 . . 2 175 87 46 20 . 14 56 4 6 10 . 5 7 . . 131 4 77 13 5 7 2 32 74 31 27 47 132 10 5 . . . 20 Cannon 1358 | . 24 . . 2 118 91 24 8 . 17 83 13 13 18 . 7 9 . 2 36 1 30 32 8 12 4 15 47 86 8 . . 23 148 172 4 75 228 Launcher 129 | . . . . . 8 10 5 1 . 4 14 3 . 8 . 5 . . 4 21 . 5 . 2 . 11 4 . 1 . . 3 7 5 . . 4 4 Special 2 | . . . . . . . . . . . . . . . . . . . . . . . . . . . . . . . . 1 . . 1 . . . Kinetic 1323 | 6 . . . . 185 69 40 8 . 17 83 13 7 13 . 7 9 . 2 36 1 30 20 3 10 4 31 75 62 28 44 132 14 87 114 3 43 127 Thermal 703 | . 24 . . 2 39 59 27 20 . 10 44 4 12 15 . 5 7 . . 131 4 77 25 10 9 2 16 46 55 7 3 . 10 5 . . . 35 Explosive 121 | . . . . . 8 10 5 1 . 4 14 3 . 8 . 5 . . 4 21 . 5 . 2 . 11 4 . . . . . 3 5 . . 4 4 Electromagnetic 394 | 6 22 . . 2 69 50 3 . . 4 12 . . . . . . . . . . . . . . . . . 1 . . 3 13 61 58 1 32 57 Entropic 29 | . . . . . . . . . . . . . . . . . . . . . . . . . . . . . . . . . . . . . . 29 Robot Hit Streak 53 | 4 18 . . 7 18 53 19 15 . 9 22 5 6 7 . 5 9 . 2 24 . 7 12 8 5 10 7 20 32 12 9 17 6 16 17 . 18 16 Robot Miss Streak 8 | 1 2 . . 1 5 2 4 3 . 4 5 2 4 5 . 7 2 . . 7 8 3 5 1 1 2 3 6 5 2 3 5 2 3 3 . 2 5 Penetration Max 2 | . . . . . . . 1 1 . . . . . . . . . . . . . 1 1 . . 2 . 1 1 1 1 2 . . . . . 1 Secondary Targets 5 | . . . . . 1 . . . . . . . . . . . . . . . . . . . . . . . . . . 4 . . . . . . Max Gunslinging Chain 2 | . . . . . 1 . . . . . . . . . . . . . . . . . . . . . . . . . . 2 . . . . . . Shots Hit Robots 1581 | 8 35 . . 3 203 128 55 25 . 14 95 10 11 20 . 9 13 . 1 144 . 42 21 10 14 12 32 71 70 16 25 91 14 97 109 . 48 135 Core Hits 1143 | 4 25 . . 1 127 92 38 25 . 19 97 7 11 33 . 13 8 . 2 104 1 37 8 12 5 45 21 28 35 9 21 78 19 58 44 . 29 87 Critical Kills 27 | . . . . . . . . . . . . . . . . . . . . . . . . . . 1 2 4 1 1 4 14 . . . . . . Critical Parts Destroyed 25 | . . . . . 1 . . . . . . . . . . . . . . . . . . . . 2 3 5 . 1 3 8 . . . . . 2 Critical Strikes 140 | . . . . . 1 5 4 1 . 1 2 1 . 1 . . . . . 9 . 9 1 . 2 4 8 17 7 3 8 22 2 5 13 . 4 10 Burn 24 | . . . . . . . . . . . . . . . . . . . . 7 . 9 . . . . 2 5 1 . . . . . . . . . Meltdown 1 | . . . . . . . . . . . . . . . . . . . . . . . . . . . . . 1 . . . . . . . . . Destroy 56 | . . . . . 1 . . . . . . . . . . . . . . . . . . . 2 3 6 9 . 3 8 22 . . . . . 2 Blast 50 | . . . . . . 3 4 1 . 1 2 1 . 1 . . . . . 2 . . 1 . . 1 . 3 5 . . . 1 5 12 . 3 4 Corrupt 6 | . . . . . . 2 . . . . . . . . . . . . . . . . . . . . . . . . . . 1 . 1 . 1 1 Sunder 3 | . . . . . . . . . . . . . . . . . . . . . . . . . . . . . . . . . . . . . . 3 Melee Attacks 33 | . . . . . . . . . . . 10 . . . . . . . . 23 . . . . . . . . . . . . . . . . . . Impact . | . . . . . . . . . . . . . . . . . . . . . . . . . . . . . . . . . . . . . . . Slashing . | . . . . . . . . . . . . . . . . . . . . . . . . . . . . . . . . . . . . . . . Piercing . | . . . . . . . . . . . . . . . . . . . . . . . . . . . . . . . . . . . . . . . Sneak Attacks 33 | . . . . . . . . . . . 10 . . . . . . . . 23 . . . . . . . . . . . . . . . . . . Combat Hostiles . | . . . . . . . . . . . . . . . . . . . . . . . . . . . . . . . . . . . . . . . Follow-up Attacks . | . . . . . . . . . . . . . . . . . . . . . . . . . . . . . . . . . . . . . . . Damage Inflicted 63019 | 119 874 . . 39 4770 4160 1780 842 . 640 3148 244 267 848 . 462 323 . 121 4868 69 2001 660 689 387 2288 1356 2544 2695 662 1004 3775 1319 4969 4112 . 3148 7836 Guns 18728 | 80 324 . . 19 2046 1926 722 411 . 141 991 77 123 166 . 73 162 . . 2242 44 793 227 70 146 22 510 1499 564 372 1004 3432 124 40 . . . 378 Cannons 27090 | . 348 . . 20 1833 1150 414 159 . 128 1158 167 144 249 . 138 161 . 30 695 25 421 433 150 241 116 170 1045 2131 290 . . 378 3655 4034 . 1717 5490 Explosions 17115 | 39 196 . . . 891 1084 644 272 . 371 999 . . 433 . 251 . . 91 1931 . 787 . 469 . 2150 676 . . . . 284 806 1274 78 . 1431 1958 Melee . | . . . . . . . . . . . . . . . . . . . . . . . . . . . . . . . . . . . . . . . Ramming 86 | . 6 . . . . . . . . . . . . . . . . . . . . . . . . . . . . . . 59 11 . . . . 10 Kinetic 24708 | 40 . . . . 2435 1073 538 159 . 128 1158 167 66 196 . 138 161 . 30 695 25 421 269 67 241 116 406 1746 1593 514 894 3432 153 2055 2339 . 842 2611 Thermal 12642 | 39 348 . . 20 754 1538 672 411 . 125 945 77 201 219 . 73 162 . . 2242 44 793 391 153 146 22 274 798 1102 148 110 36 124 40 78 . . 557 Explosive 16056 | . 196 . . . 668 1028 507 272 . 371 895 . . 433 . 251 . . 91 1931 . 787 . 469 . 2150 676 . . . . . 668 1274 . . 1431 1958 Electromagnetic 8548 | 40 324 . . 19 913 521 63 . . 16 150 . . . . . . . . . . . . . . . . . . . . 248 363 1600 1695 . 875 1721 Impact . | . . . . . . . . . . . . . . . . . . . . . . . . . . . . . . . . . . . . . . . Slashing . | . . . . . . . . . . . . . . . . . . . . . . . . . . . . . . . . . . . . . . . Piercing . | . . . . . . . . . . . . . . . . . . . . . . . . . . . . . . . . . . . . . . . Entropic 979 | . . . . . . . . . . . . . . . . . . . . . . . . . . . . . . . . . . . . . . 979 Highest Corruption 14 | . . . . . . 2 2 . . . 2 2 . . . . . . . . . 1 5 . . . . 5 7 . 10 5 . . 14 14 . 14 Average Corruption 4 | . . . . . . 2 2 . . . 1 1 . . . . . . . . . 1 3 . . . . 3 5 . 4 3 . . 6 14 . 8 Corruption Purged 31 | . . . . . . . . . . . . 2 . . . . . . . . . . 5 . . . . . 7 . 17 . . . . . . . Corruption Blocked 6 | . . . . . . . . . . . . . . . . . . . . . . . . . . . . . . . . . . . . . . 6 Effects 189 | . . . . . . 13 8 . . . 2 6 . . . . . . . . . 3 1 . . . . 9 36 . 11 17 . . 25 9 . 49 Message Errors 38 | . . . . . . 4 1 . . . . 2 . . . . . . . . . 1 . . . . . 2 7 . 2 3 . . 3 4 . 9 Matter Fused 54 | . . . . . . 3 3 . . . . . . . . . . . . . . 1 . . . . . 3 12 . 4 7 . . 9 2 . 10 Heat Flow Errors 15 | . . . . . . . . . . . . . . . . . . . . . . . . . . . . 1 4 . 1 1 . . 2 1 . 5 Energy Discharges 24 | . . . . . . 2 1 . . . 1 . . . . . . . . . . 1 1 . . . . . 6 . 1 1 . . 4 . . 6 Parts Rejected 2 | . . . . . . . . . . . . . . . . . . . . . . . . . . . . 1 . . . . . . 1 . . . Parts Fused 1 | . . . . . . . . . . . . . . . . . . . . . . . . . . . . . . . . . . . . . . 1 Data Loss (minor) 19 | . . . . . . 3 . . . . 1 1 . . . . . . . . . . . . . . . . 5 . 1 1 . . 1 1 . 5 Data Loss (major) 9 | . . . . . . 1 1 . . . . 2 . . . . . . . . . . . . . . . 1 . . . 4 . . . . . . Misfires 6 | . . . . . . . . . . . . 1 . . . . . . . . . . . . . . . . 2 . . . . . 2 . . 1 Alerts 5 | . . . . . . . . . . . . . . . . . . . . . . . . . . . . 1 . . 2 . . . 1 1 . . Misdirections 5 | . . . . . . . . . . . . . . . . . . . . . . . . . . . . . . . . . . . . . . 5 Weapon Failures 11 | . . . . . . . 2 . . . . . . . . . . . . . . . . . . . . . . . . . . . 2 . . 7 Overload Shots 2 | . . . . . . . . . . . . . . . . . . . . . . . . . . . . . . 1 . . . 1 . . . . Effects 1 | . . . . . . . . . . . . . . . . . . . . . . . . . . . . . . . . . . 1 . . . . Heat Surge 1 | . . . . . . . . . . . . . . . . . . . . . . . . . . . . . . . . . . 1 . . . . Overflow Damage 1551 | . . . . . 54 20 50 . . 39 57 . 7 8 . 49 17 . 19 24 . . 15 . . . 81 70 30 . . . 12 139 230 . 93 537 Projectiles 793 | . . . . . 12 20 17 . . . 14 . 7 3 . 22 17 . . . . . 15 . . . . 70 30 . . . 12 69 212 . . 273 Explosions 758 | . . . . . 42 . 33 . . 39 43 . . 5 . 27 . . 19 24 . . . . . . 81 . . . . . . 70 18 . 93 264 Melee . | . . . . . . . . . . . . . . . . . . . . . . . . . . . . . . . . . . . . . . . Knockbacks 133 | . . . . . 31 3 5 1 . 2 8 . 2 1 . 1 3 . . 3 . 3 3 . . . . 6 11 . . . . 5 15 . 9 21 Impact . | . . . . . . . . . . . . . . . . . . . . . . . . . . . . . . . . . . . . . . . Kinetic 124 | . . . . . 29 3 5 1 . 2 8 . 2 1 . 1 3 . . 3 . 3 3 . . . . 6 10 . . . . 5 13 . 9 17 Secondary 9 | . . . . . 2 . . . . . . . . . . . . . . . . . . . . . . . 1 . . . . . 2 . . 4 Self-Inflicted Damage 1260 | 37 53 . . . 30 61 18 . . 30 134 . . 60 . 74 . . . 56 . 45 . . . . . 123 . . . 216 86 48 . . . 189 Shots 31 | 1 1 . . . 1 2 1 . . 1 4 . . 2 . 3 . . . 2 . 1 . . . . . 2 . . . 4 2 1 . . . 3 Rammed 10 | . 1 . . . . . . . . . . . . . . . . . . . . . . . . . . . . . . 3 1 . . . . 5 Targets Rammed 11 | . 1 . . . . . . . . . . . . . . . . . . . . . . . . . . . . . . 4 1 . . . . 5 Kicked . | . . . . . . . . . . . . . . . . . . . . . . . . . . . . . . . . . . . . . . . Crushed 1 | . . . . . . . . . . . . . . . . . . . . . . . . . . . . . . . . 1 . . . . . . Highest Temperature 750 | 32 402 . . 120 399 414 258 375 . 215 403 188 127 457 . 243 117 . 12 382 33 354 387 126 141 14 337 392 354 119 159 229 273 153 145 . . 750 Average Temperature 111 | 19 149 . . 65 78 148 94 132 . 65 134 69 64 158 . 104 48 . 8 50 22 97 156 56 66 10 72 143 118 57 62 96 104 72 67 . . 166 Received Heat Transfer 4765 | . 204 . . . 513 492 126 . . 36 495 24 18 162 . . 18 . . 168 . 161 9 9 33 101 45 9 268 12 . 590 48 189 189 . 90 756 Effects 42 | . 1 . . . 3 3 1 . . . 8 . . 2 . . . . . . . 1 1 . . . . 2 . . . . . . . . . 20 Shutdowns 11 | . 1 . . . . . . . . . 1 . . 1 . . . . . . . . 1 . . . . . . . . . . . . . . 7 Energy Bleed 8 | . . . . . . 1 . . . . 3 . . 1 . . . . . . . 1 . . . . . 1 . . . . . . . . . 1 Interference 14 | . . . . . 3 2 1 . . . 2 . . . . . . . . . . . . . . . . . . . . . . . . . . 6 Matter Decay 2 | . . . . . . . . . . . 1 . . . . . . . . . . . . . . . . . . . . . . . . . . 1 Short Circuit 2 | . . . . . . . . . . . . . . . . . . . . . . . . . . . . . . . . . . . . . . 2 Damage (minor) 4 | . . . . . . . . . . . 1 . . . . . . . . . . . . . . . . 1 . . . . . . . . . 2 Damage (core) 1 | . . . . . . . . . . . . . . . . . . . . . . . . . . . . . . . . . . . . . . 1 Siege Activations 2 | . . . . . . . . . . . . . . . . . . . . . . . . . . . . . . . . . . . . . . 2 Total Turns 26 | . . . . . . . . . . . . . . . . . . . . . . . . . . . . . . . . . . . . . . 26 Longest Duration 17 | . . . . . . . . . . . . . . . . . . . . . . . . . . . . . . . . . . . . . . 17 Martial Activations . | . . . . . . . . . . . . . . . . . . . . . . . . . . . . . . . . . . . . . . . Shielding Activations . | . . . . . . . . . . . . . . . . . . . . . . . . . . . . . . . . . . . . . . . Robots Disrupted 1 | . . . . . . . . . . . . . . . . . . . . . . . . . . . . . . . . . . . 1 . . . Combat Hostiles 1 | . . . . . . . . . . . . . . . . . . . . . . . . . . . . . . . . . . . 1 . . . Robots Corrupted 11 | . . . . . 1 . . . . . . . . . . . . . . . . . . . . . . . . . . . . 2 2 . 2 4 Combat Hostiles 10 | . . . . . 1 . . . . . . . . . . . . . . . . . . . . . . . . . . . . 2 2 . 2 3 Parts Fried 29 | . . . . . 2 2 . . . . . . . . . . . . . . . . . . . . . . . . . 2 2 5 8 . 3 5 Impact Corruptions 1 | . . . . . . . . . . . . . . . . . . . . . . . . . . . . . . . . . . . . . . 1 Robots Melted 7 | . . . . . . 3 . . . . . . . . . . . . . 2 . 1 . . . . . . 1 . . . . . . . . . Combat Hostiles 2 | . . . . . . . . . . . . . . . . . . . . . . 1 . . . . . . 1 . . . . . . . . . Parts Melted 28 | . . . . . . 4 . . . 1 . . . . . . . . . 2 . 6 3 . . . . 8 2 . . . . . . . . 2 Heat Transferred 20612 | 50 629 . . 37 1262 3258 1325 720 . 185 795 65 211 214 . 60 120 . . 3859 74 1821 592 222 222 18 592 1517 1702 185 111 50 185 37 50 . . 444 Parts Sabotaged 3 | . . . . . . . . . . . . . . . . . . . . . . . . . . . . . . . . 3 . . . . . . Parts Stolen . | . . . . . . . . . . . . . . . . . . . . . . . . . . . . . . . . . . . . . . . Parts Stripped . | . . . . . . . . . . . . . . . . . . . . . . . . . . . . . . . . . . . . . . . Power Chain Reactions 11 | 1 . . . . 4 1 1 . . . 1 . . . . . . . . . . . . . . . . . . . . 1 1 . 1 . . . Alert | -11 -10 -10 -10 -9 -8 -8 -8 -7 -7 -7 -7 -7 -7 -7 -7 -6 -6 -6 -6 -6 -6 -6 -5 -5 -5 -5 -4 -4 -4 -4 -4 -4 -3 -3 -3 -3 -2 -1 ------- Run | Yrd Mat Min Exi Min Mat Gar Mat Fac Was Fac Gar Fac Low Low Dat Pro Fac Was Fac Gar Fac Gar Fac Upp Upp War Pro Fac Ext Cet Arc Hub Res Gar Res Tes Res Acc Maximum Alert Level 5 | . 1 . . . 3 5 4 2 . . 5 3 . . . . . . 1 5 4 5 4 . . . . 1 3 2 1 5 4 5 4 3 2 4 Low Security (%) 18 | 100 83 100 . 100 6 . . . 100 100 5 . . . . . 100 100 91 2 . . . . . . . 81 17 . 20 7 . . . . . . Level 1 12 | . 16 . . . 20 . . . . . 18 . . . . . . . 8 . . . . . . . . 18 34 3 79 3 . . . . 24 27 Level 2 25 | . . . . . 68 32 . 100 . . 23 51 . . . . . . . 10 . . . . . . . . 37 96 . 6 . . . . 75 38 Level 3 13 | . . . . . 4 15 27 . . . 19 48 . . . . . . . 2 . . . . . . . . 10 . . 16 95 23 13 100 . 17 Level 4 19 | . . . . . . 35 72 . . . 32 . . . . . . . . 9 100 16 100 . . . . . . . . 61 4 45 86 . . 17 Level 5 10 | . . . . . . 15 . . . . . . . . . . . . . 74 . 83 . . . . . . . . . 4 . 30 . . . . High Security . | . . . . . . . . . . . . . . . . . . . . . . . . . . . . . . . . . . . . . . . Max Security . | . . . . . . . . . . . . . . . . . . . . . . . . . . . . . . . . . . . . . . . Peak Influence 2916 | 5 238 79 . 5 718 1914 1259 560 189 160 1603 841 . . . . 31 . 229 2916 1595 2848 1533 . . . . 243 1035 562 385 1856 1117 1925 1518 995 634 1276 Initial 1530 | . . 79 . . . 464 932 560 189 41 104 841 . . . . 8 . . 154 1530 1109 1495 . . . . . 93 402 192 49 966 705 1082 848 544 372 Average 810 | . 61 60 . . 512 1096 1143 513 126 50 816 705 . . . . 4 . 92 1924 1500 2240 1462 . . . . 95 411 487 250 1112 991 1387 1278 860 468 670 Influence Increases 24472 | 10 395 . . 5 1496 1560 545 243 . 275 1549 112 70 250 . 160 77 . 477 2942 195 1959 263 156 60 302 190 639 1734 358 331 2579 464 1280 1000 221 612 1963 Destroy 0b10 Robot/C 11140 | . 200 . . . 720 800 280 160 . 140 700 40 60 160 . 140 40 . 160 1060 80 900 140 120 40 240 160 300 780 140 80 860 200 740 540 . 300 860 Destroy 0b10 Robot/NC 625 | 10 20 . . 5 95 20 25 15 . 5 10 . . 5 . . 5 . 10 40 . . 15 . . 10 . 25 25 10 35 130 5 . 50 . 5 50 Destroy Leader 1482 | . 66 . . . 202 50 68 30 . 30 30 20 10 10 . 20 20 . 34 70 10 60 20 10 10 . 30 64 64 . . 156 20 100 114 . 50 114 Allied During Kill 3882 | . . . . . 17 35 . . . . 47 . . . . . . . 204 1143 90 560 20 26 10 22 . . 709 150 115 675 . 17 26 . . 16 Trap Triggered on 0b10 10 | . . . . . . . 10 . . . . . . . . . . . . . . . . . . . . . . . . . . . . . . . Successful Hack 292 | . 4 . . . 35 14 10 12 . 38 28 . . . . . 10 . 14 14 . 28 . . . . . 12 14 . . . 24 14 . . . 21 Select Force Hacks 60 | . 30 . . . 30 . . . . . . . . . . . . . . . . . . . . . . . . . . . . . . . . . Disable Machine 1110 | . 45 . . . 75 30 60 . . 30 45 30 . . . . . . 30 75 15 15 30 . . . . 90 30 30 45 210 30 45 30 15 15 90 Anti-Garrison Action 2550 | . . . . . . 450 . . . . 500 . . . . . . . . 400 . 300 . . . . . . . . . 150 . 150 . 200 200 200 Destroy Structure 2226 | . 15 . . . 97 131 62 11 . 17 159 22 . . . . 2 . 25 95 . 96 38 . . . . 148 112 28 56 308 50 199 210 6 42 297 Lose Combat Pursuer 1095 | . 15 . . . 225 30 30 15 . 15 30 . . 75 . . . . . 45 . . . . . 30 . . . . . 90 135 15 30 . . 315 Influence Decreases 23213 | 10 189 167 39 5 781 361 1226 935 482 185 95 1104 599 256 76 146 91 . 256 247 1526 696 1739 668 354 704 354 447 1207 595 672 880 1364 295 1417 760 959 1326 Entered New Map 12344 | . . 127 39 . . 251 982 673 352 18 45 762 227 17 76 . 6 . . 67 1386 476 1353 508 164 566 164 . 99 317 290 92 874 235 843 660 425 250 Time Decay 8304 | 10 189 40 . 5 691 . 214 262 130 160 . 342 362 239 . 126 77 . 236 . 120 . 356 160 190 98 170 407 568 238 362 428 470 . 514 100 514 526 Lost Part 895 | . . . . . 50 70 30 . . 7 10 . 10 . . 20 8 . . 20 . 10 10 . . . 20 40 20 . . 30 20 20 40 . 20 440 Lost Ally 1370 | . . . . . 40 40 . . . . 40 . . . . . . . 20 160 20 210 20 . . 40 . . 220 40 20 330 . 40 20 . . 110 Purge Threat 300 | . . . . . . . . . . . . . . . . . . . . . . . . . . . . . 300 . . . . . . . . . Squads Dispatched 75 | . 4 . . . 5 . 2 . . 1 . 2 . . . . 1 . 2 . 1 . 2 . . . . 4 2 . . 15 6 . 12 1 3 12 Investigation 10 | . 1 . . . 1 . 1 . . . . . . . . . . . . . . . . . . . . . . . . . 3 . . 1 2 1 Extermination 15 | . . . . . . . . . . . . 1 . . . . 1 . . . . . 1 . . . . 2 . . . 1 . . 4 . . 5 Reinforcement 24 | . 3 . . . 4 . 1 . . . . . . . . . . . 1 . . . . . . . . 1 1 . . 3 3 . 2 . 1 4 Assault 16 | . . . . . . . . . . . . 1 . . . . . . . . . . 1 . . . . . 1 . . 9 . . 3 . . 1 Garrison 10 | . . . . . . . . . . 1 . . . . . . . . 1 . 1 . . . . . . 1 . . . 2 . . 3 . . 1 Intercept . | . . . . . . . . . . . . . . . . . . . . . . . . . . . . . . . . . . . . . . . Searches Triggered . | . . . . . . . . . . . . . . . . . . . . . . . . . . . . . . . . . . . . . . . Data Miner Redirects 6 | . . . . . . . . . . . . . . . . . . . . . . . . . . . . . 1 . . 2 . . 3 . . . Construction Impeded 1 | . . . . . . . . . . . . . . . . . . . . . . . . . . . . . . . . . . . 1 . . . Haulers Reinforced 3 | . . . . . . . . . . . . . . . . . . . . . . . . . . . . . . . . 1 . . . . 1 1 Active Scanning Responses . | . . . . . . . . . . . . . . . . . . . . . . . . . . . . . . . . . . . . . . . Cargo Convoy Interrupts . | . . . . . . . . . . . . . . . . . . . . . . . . . . . . . . . . . . . . . . . Stealth | -11 -10 -10 -10 -9 -8 -8 -8 -7 -7 -7 -7 -7 -7 -7 -7 -6 -6 -6 -6 -6 -6 -6 -5 -5 -5 -5 -4 -4 -4 -4 -4 -4 -3 -3 -3 -3 -2 -1 --------- Run | Yrd Mat Min Exi Min Mat Gar Mat Fac Was Fac Gar Fac Low Low Dat Pro Fac Was Fac Gar Fac Gar Fac Upp Upp War Pro Fac Ext Cet Arc Hub Res Gar Res Tes Res Acc Distress Signals 39 | . 3 . . . 3 . 1 1 . . 1 . . . . . . . 1 . . . . . . . . 1 . 3 . 8 4 . 1 . 7 5 Communications Jammed 58 | . . . . . . . . . . . . . . . . . . . . . . . . . . . . . 37 14 . . . . 7 . . . Distress Signals 57 | . . . . . . . . . . . . . . . . . . . . . . . . . . . . . 37 14 . . . . 6 . . . Times Spotted 759 | . 19 . . . 54 46 20 10 . 12 34 2 3 13 . 6 2 . 10 51 3 45 8 5 2 37 8 22 39 9 14 63 18 38 32 1 28 105 Peak Tracking Total 19 | . 5 . . . 4 5 6 4 . 4 4 1 3 5 . 3 1 . 3 11 2 7 4 5 1 12 5 6 6 5 1 15 3 5 3 1 7 19 Tactical Retreats 43 | . 1 . . . 11 2 1 1 . 1 2 . . 2 . . . . . 2 . . . . . 1 . . . . . 3 2 1 1 . . 12 ECM-based Alert Blocks 4 | . . . . . . . . . . . . . . . . . . . . . . . . . . . . . . . . . . . . . . 4 Traps | -11 -10 -10 -10 -9 -8 -8 -8 -7 -7 -7 -7 -7 -7 -7 -7 -6 -6 -6 -6 -6 -6 -6 -5 -5 -5 -5 -4 -4 -4 -4 -4 -4 -3 -3 -3 -3 -2 -1 ------- Run | Yrd Mat Min Exi Min Mat Gar Mat Fac Was Fac Gar Fac Low Low Dat Pro Fac Was Fac Gar Fac Gar Fac Upp Upp War Pro Fac Ext Cet Arc Hub Res Gar Res Tes Res Acc Traps Triggered 39 | . 1 . . . . 8 . 2 . 1 3 1 . . . . 1 . . 2 1 6 2 . . . . 2 1 . . 2 . 4 1 . . 1 Indirectly 1 | . . . . . . . . . . . . . . . . . . . . . . . . . . . . . 1 . . . . . . . . . Trap Hack Attempts 6 | . . . . . . . . . . . . . . . . . . . . . . 6 . . . . . . . . . . . . . . . . Triggered . | . . . . . . . . . . . . . . . . . . . . . . . . . . . . . . . . . . . . . . . Disarmed 1 | . . . . . . . . . . . . . . . . . . . . . . 1 . . . . . . . . . . . . . . . . Reprogrammed 6 | . . . . . . . 6 . . . . . . . . . . . . . . . . . . . . . . . . . . . . . . . Reused 1 | . . . . . . . 1 . . . . . . . . . . . . . . . . . . . . . . . . . . . . . . . Traps Extracted . | . . . . . . . . . . . . . . . . . . . . . . . . . . . . . . . . . . . . . . . Installed . | . . . . . . . . . . . . . . . . . . . . . . . . . . . . . . . . . . . . . . . Triggered 1 | . . . . . . . 1 . . . . . . . . . . . . . . . . . . . . . . . . . . . . . . . Machines | -11 -10 -10 -10 -9 -8 -8 -8 -7 -7 -7 -7 -7 -7 -7 -7 -6 -6 -6 -6 -6 -6 -6 -5 -5 -5 -5 -4 -4 -4 -4 -4 -4 -3 -3 -3 -3 -2 -1 ---------- Run | Yrd Mat Min Exi Min Mat Gar Mat Fac Was Fac Gar Fac Low Low Dat Pro Fac Was Fac Gar Fac Gar Fac Upp Upp War Pro Fac Ext Cet Arc Hub Res Gar Res Tes Res Acc Machines Disabled 110 | . 3 . . . 5 10 4 . . 2 13 2 . . . . . . 2 11 1 5 2 . . . . 6 5 2 3 15 2 7 2 1 1 6 Max in Single Turn 8 | . 3 . . . 3 3 1 . . 1 1 1 . . . . . . 1 1 1 1 1 . . . . 3 1 2 . 8 1 1 1 1 1 1 Garrison Access 7 | . . . . . . . . . . . . . . . . . . . . . . . . . . . . . . . . 2 1 . . 1 2 1 Garrison Relay 27 | . . . . . . 7 . . . . 7 . . . . . . . . 6 . 4 . . . . . . . . . . . 3 . . . . Phase Generator 1 | . . . . . . . . . . . 1 . . . . . . . . . . . . . . . . . . . . . . . . . . . Network Hub 1 | . . . . . . . . . . . . . . . . . . . . . . . . . . . . . . . . 1 . . . . . . Machines Repaired . | . . . . . . . . . . . . . . . . . . . . . . . . . . . . . . . . . . . . . . . Machines Dismantled 3 | . . . . . . 1 . . . . 1 . . . . . . . . 1 . . . . . . . . . . . . . . . . . . Machines Sabotaged . | . . . . . . . . . . . . . . . . . . . . . . . . . . . . . . . . . . . . . . . Overloaded Fab Kills . | . . . . . . . . . . . . . . . . . . . . . . . . . . . . . . . . . . . . . . . Hacking | -11 -10 -10 -10 -9 -8 -8 -8 -7 -7 -7 -7 -7 -7 -7 -7 -6 -6 -6 -6 -6 -6 -6 -5 -5 -5 -5 -4 -4 -4 -4 -4 -4 -3 -3 -3 -3 -2 -1 --------- Run | Yrd Mat Min Exi Min Mat Gar Mat Fac Was Fac Gar Fac Low Low Dat Pro Fac Was Fac Gar Fac Gar Fac Upp Upp War Pro Fac Ext Cet Arc Hub Res Gar Res Tes Res Acc Machines Accessed 105 | . 5 . 1 1 12 3 2 3 . 5 4 2 . . 4 . 7 . 1 3 1 2 1 1 . 6 . 6 10 1 . 2 6 2 4 1 3 6 Terminals 61 | . 4 . . . 8 3 2 1 . 4 4 2 . . . . 5 . . 3 . 2 . . . . . 5 9 1 . 1 . 2 1 . 2 2 Fabricators 4 | . . . . . . . . . . . . . . . . . 1 . . . . . 1 . . . . 1 . . . . . . . . . 1 Repair Stations 1 | . . . . . . . . . . . . . . . . . . . . . . . . . . . . . 1 . . . . . . . . . Recycling Units 7 | . 1 . . . 1 . . 1 . . . . . . . . . . . . . . . . . . . . . . . . 3 . 1 . . . Scanalyzers 6 | . . . . . 2 . . 1 . . . . . . . . 1 . . . . . . . . . . . . . . . 1 . 1 . . . Garrison Access 13 | . . . . . 1 . . . . 1 . . . . . . . . 1 . 1 . . . . . . . . . . 1 2 . 1 1 1 3 Total Hacks 247 | . 10 . 4 1 31 4 8 5 . 10 5 4 . . 32 . 14 . 3 4 1 2 3 1 . 15 . 10 20 2 . 4 18 3 10 1 10 12 Successful 125 | . 7 . 4 1 18 1 3 2 . 5 2 . . . 32 . 6 . 1 1 1 2 3 1 . 15 . 3 6 . . . 6 1 . 1 1 2 Failed 121 | . 3 . . . 13 3 5 2 . 5 3 4 . . . . 8 . 2 3 . . . . . . . 7 14 2 . 4 12 2 10 . 9 10 Catastrophic 32 | . . . . . 2 2 1 1 . 2 1 1 . . . . 3 . . 1 . . . . . . . 1 5 . . 1 3 . 3 . 3 2 Database Lockouts 1 | . . . . . . . . 1 . . . . . . . . . . . . . . . . . . . . . . . . . . . . . . Manual 84 | . 10 . . . 19 . 3 1 . 2 . 3 . . . . 8 . . . . . 1 . . 1 . 6 6 1 . . 1 . 3 1 7 11 Terminals 123 | . 9 . . . 21 4 8 1 . 9 5 4 . . . . 10 . . 4 . 2 . . . . . 9 18 2 . 2 . 3 3 . 4 5 Fabricators 8 | . . . . . . . . . . . . . . . . . 2 . . . . . 3 . . . . 1 . . . . . . . . . 2 Repair Stations 2 | . . . . . . . . . . . . . . . . . . . . . . . . . . . . . 2 . . . . . . . . . Recycling Units 11 | . 1 . . . 1 . . 1 . . . . . . . . . . . . . . . . . . . . . . . . 7 . 1 . . . Scanalyzers 23 | . . . . . 8 . . 3 . . . . . . . . 2 . . . . . . . . . . . . . . . 6 . 4 . . . Garrison Access 27 | . . . . . 1 . . . . 1 . . . . . . . . 3 . 1 . . . . . . . . . . 2 5 . 2 1 6 5 Terminal Hacks 72 | . . . 4 1 2 1 2 . . 3 2 . . . 32 . 1 . . 1 . 2 . 1 . 15 . 1 3 . . . . 1 . . . . Record 24 | . . . 4 . . . . . . . . . . . 11 . . . . . . . . . . 9 . . . . . . . . . . . . Part Schematic 13 | . . . . . . . . . . . . . . . 13 . . . . . . . . . . . . . . . . . . . . . . . Robot Schematic 5 | . . . . . . . . . . . . . . . 5 . . . . . . . . . . . . . . . . . . . . . . . Prototype ID Bank 11 | . . . . . 1 . 1 . . 1 . . . . 3 . 1 . . . . . . . . 4 . . . . . . . . . . . . Open Door 4 | . . . . 1 . . . . . . . . . . . . . . . . . . . 1 . 2 . . . . . . . . . . . . Branch Access Points 1 | . . . . . . . . . . . . . . . . . . . . . . . . . . . . 1 . . . . . . . . . . Emergency Access Points 3 | . . . . . . 1 . . . . . . . . . . . . . . . 1 . . . . . . . . . . . 1 . . . . Terminal Index 1 | . . . . . . . . . . 1 . . . . . . . . . . . . . . . . . . . . . . . . . . . . Recycling Unit Index 1 | . . . . . 1 . . . . . . . . . . . . . . . . . . . . . . . . . . . . . . . . . Unreport Threat 2 | . . . . . . . . . . . . . . . . . . . . . . . . . . . . . 2 . . . . . . . . . Locate Traps 2 | . . . . . . . . . . 1 . . . . . . . . . . . . . . . . . . 1 . . . . . . . . . Reprogram Traps 1 | . . . . . . . 1 . . . . . . . . . . . . . . . . . . . . . . . . . . . . . . . Garrison Registry 2 | . . . . . . . . . . . 1 . . . . . . . . 1 . . . . . . . . . . . . . . . . . . Patrol Navigation 2 | . . . . . . . . . . . 1 . . . . . . . . . . 1 . . . . . . . . . . . . . . . . Fabricator Hacks 2 | . . . . . . . . . . . . . . . . . . . . . . . 2 . . . . . . . . . . . . . . . Load Schematic 1 | . . . . . . . . . . . . . . . . . . . . . . . 1 . . . . . . . . . . . . . . . Build 1 | . . . . . . . . . . . . . . . . . . . . . . . 1 . . . . . . . . . . . . . . . Repair Station Hacks 1 | . . . . . . . . . . . . . . . . . . . . . . . . . . . . . 1 . . . . . . . . . Scan Component 1 | . . . . . . . . . . . . . . . . . . . . . . . . . . . . . 1 . . . . . . . . . Recycling Unit Hacks 2 | . . . . . . . . 1 . . . . . . . . . . . . . . . . . . . . . . . . 1 . . . . . Retrieve Components 2 | . . . . . . . . 1 . . . . . . . . . . . . . . . . . . . . . . . . 1 . . . . . Scanalyzer 11 | . . . . . 5 . . 1 . . . . . . . . 2 . . . . . . . . . . . . . . . 3 . . . . . Insert Component 1 | . . . . . 1 . . . . . . . . . . . . . . . . . . . . . . . . . . . . . . . . . Analyze 1 | . . . . . 1 . . . . . . . . . . . . . . . . . . . . . . . . . . . . . . . . . Retrieve Study 9 | . . . . . 3 . . 1 . . . . . . . . 2 . . . . . . . . . . . . . . . 3 . . . . . Garrison Access Hacks 6 | . . . . . 1 . . . . 1 . . . . . . . . 1 . 1 . . . . . . . . . . . 2 . . . . . Unlock Access 6 | . . . . . 1 . . . . 1 . . . . . . . . 1 . 1 . . . . . . . . . . . 2 . . . . . Unauthorized Hacks 31 | . 7 . . . 10 . 1 . . 1 . . . . . . 3 . . . . . 1 . . . . 2 2 . . . . . . 1 1 2 Terminals 24 | . 6 . . . 9 . 1 . . 1 . . . . . . 3 . . . . . . . . . . 2 2 . . . . . . . . . Assimilate 1 | . . . . . . . . . . . . . . . . . . . . . . . . . . . . 1 . . . . . . . . . . Botnet 15 | . 3 . . . 4 . 1 . . 1 . . . . . . 3 . . . . . . . . . . 1 2 . . . . . . . . . Skim 8 | . 3 . . . 5 . . . . . . . . . . . . . . . . . . . . . . . . . . . . . . . . . Fabricators 2 | . . . . . . . . . . . . . . . . . . . . . . . 1 . . . . . . . . . . . . . . 1 Report 1 | . . . . . . . . . . . . . . . . . . . . . . . . . . . . . . . . . . . . . . 1 Liberate 1 | . . . . . . . . . . . . . . . . . . . . . . . 1 . . . . . . . . . . . . . . . Repair Stations . | . . . . . . . . . . . . . . . . . . . . . . . . . . . . . . . . . . . . . . . Recycling Units 2 | . 1 . . . 1 . . . . . . . . . . . . . . . . . . . . . . . . . . . . . . . . . Tunnel 2 | . 1 . . . 1 . . . . . . . . . . . . . . . . . . . . . . . . . . . . . . . . . Scanalyzers . | . . . . . . . . . . . . . . . . . . . . . . . . . . . . . . . . . . . . . . . Garrison Access 3 | . . . . . . . . . . . . . . . . . . . . . . . . . . . . . . . . . . . . 1 1 1 Jam 3 | . . . . . . . . . . . . . . . . . . . . . . . . . . . . . . . . . . . . 1 1 1 Data Cores Recovered 3 | . . . . . 2 . . . . . . . . . . . . . . . . . . . . . . . . . . . . . . . 1 . Used 2 | . . . . . 1 . . . . . . . . . . . . . . . . . . . . . . . . . . . . . . . 1 . Hacking Detections 80 | . 4 . . . 10 3 2 2 . 5 3 2 . . . . 7 . 1 3 1 . 1 . . . . 6 9 1 . 2 4 2 4 . 3 5 Full Trace Events 1 | . . . . . . . . . . . . . . . . . . . . . . . . . . . . . . . . . . . . . 1 . Feedback Events . | . . . . . . . . . . . . . . . . . . . . . . . . . . . . . . . . . . . . . . . Feedback Blocked . | . . . . . . . . . . . . . . . . . . . . . . . . . . . . . . . . . . . . . . . Robot Schematics Acquired 5 | . . . . . . . . . . . . . . . 5 . . . . . . . . . . . . . . . . . . . . . . . Robots Built 2 | . . . . . . . . . . . . . . . . . . . . . . . 2 . . . . . . . . . . . . . . . Authchips 1 | . . . . . . . . . . . . . . . . . . . . . . . 1 . . . . . . . . . . . . . . . Time 169 | . . . . . . . . . . . . . . . . . . . . . . . 169 . . . . . . . . . . . . . . . Total Robot Build Rating 12 | . . . . . . . . . . . . . . . . . . . . . . . 12 . . . . . . . . . . . . . . . Part Schematics Acquired 14 | . . . . . 1 . . . . . . . . . 13 . . . . . . . . . . . . . . . . . . . . . . . Parts Built . | . . . . . . . . . . . . . . . . . . . . . . . . . . . . . . . . . . . . . . . Authchips . | . . . . . . . . . . . . . . . . . . . . . . . . . . . . . . . . . . . . . . . Time . | . . . . . . . . . . . . . . . . . . . . . . . . . . . . . . . . . . . . . . . Total Part Build Rating . | . . . . . . . . . . . . . . . . . . . . . . . . . . . . . . . . . . . . . . . Part Studies Acquired 8 | . . . . . 3 . . 1 . . . . . . . . 1 . . . . . . . . . . . . . . . 3 . . . . . Parts Repaired . | . . . . . . . . . . . . . . . . . . . . . . . . . . . . . . . . . . . . . . . Time . | . . . . . . . . . . . . . . . . . . . . . . . . . . . . . . . . . . . . . . . Parts Recycled . | . . . . . . . . . . . . . . . . . . . . . . . . . . . . . . . . . . . . . . . Recycled Matter . | . . . . . . . . . . . . . . . . . . . . . . . . . . . . . . . . . . . . . . . Retrieved Matter . | . . . . . . . . . . . . . . . . . . . . . . . . . . . . . . . . . . . . . . . Retrieved Components 11 | . . . . . . . . 1 . . . . . . . . . . . . . . . . . . . . . . . . 10 . . . . . Parts Scanalyzed 1 | . . . . . 1 . . . . . . . . . . . . . . . . . . . . . . . . . . . . . . . . . Part Schematics Acquired 1 | . . . . . 1 . . . . . . . . . . . . . . . . . . . . . . . . . . . . . . . . . Parts Damaged . | . . . . . . . . . . . . . . . . . . . . . . . . . . . . . . . . . . . . . . . Bothacking | -11 -10 -10 -10 -9 -8 -8 -8 -7 -7 -7 -7 -7 -7 -7 -7 -6 -6 -6 -6 -6 -6 -6 -5 -5 -5 -5 -4 -4 -4 -4 -4 -4 -3 -3 -3 -3 -2 -1 ------------ Run | Yrd Mat Min Exi Min Mat Gar Mat Fac Was Fac Gar Fac Low Low Dat Pro Fac Was Fac Gar Fac Gar Fac Upp Upp War Pro Fac Ext Cet Arc Hub Res Gar Res Tes Res Acc Used RIF Installer . | . . . . . . . . . . . . . . . . . . . . . . . . . . . . . . . . . . . . . . . Robots Hacked 2 | . . . . . . . . . . . . . . . . . . . . . . . . . . . . . . . . 1 . . 1 . . . Non-combat . | . . . . . . . . . . . . . . . . . . . . . . . . . . . . . . . . . . . . . . . Combat . | . . . . . . . . . . . . . . . . . . . . . . . . . . . . . . . . . . . . . . . Robot Hacks Applied . | . . . . . . . . . . . . . . . . . . . . . . . . . . . . . . . . . . . . . . . Manual 2 | . . . . . . . . . . . . . . . . . . . . . . . . . . . . . . . . 1 . . 1 . . . Relay Couplers Released 118 | . . . . . . 31 . . . . 33 . . . . . . . . 25 . 13 . . . . . . . . . 3 . 10 . . 3 . Machine Destruction 118 | . . . . . . 31 . . . . 33 . . . . . . . . 25 . 13 . . . . . . . . . 3 . 10 . . 3 . Fabnet Peak Effective % . | . . . . . . . . . . . . . . . . . . . . . . . . . . . . . . . . . . . . . . . Robots Rewired 38 | . . . . . . 1 . . . . 7 . . . . . . . . 11 . . . . . . . . 19 . . . . . . . . . Allies Hacked 1 | . . . . . . . . . . . . . . . . . . . . . . . . . . . . . 1 . . . . . . . . . Hacks Repelled . | . . . . . . . . . . . . . . . . . . . . . . . . . . . . . . . . . . . . . . . Allies | -11 -10 -10 -10 -9 -8 -8 -8 -7 -7 -7 -7 -7 -7 -7 -7 -6 -6 -6 -6 -6 -6 -6 -5 -5 -5 -5 -4 -4 -4 -4 -4 -4 -3 -3 -3 -3 -2 -1 -------- Run | Yrd Mat Min Exi Min Mat Gar Mat Fac Was Fac Gar Fac Low Low Dat Pro Fac Was Fac Gar Fac Gar Fac Upp Upp War Pro Fac Ext Cet Arc Hub Res Gar Res Tes Res Acc Total Allies 91 | . . 3 . . . 2 . . . . 7 . . . . . . 20 . 14 . 2 2 . . . . . 31 5 . 1 . 2 1 . . 1 Largest Group 22 | . . 3 3 3 3 2 . . . . 5 . . . . . . 20 20 17 17 16 2 2 2 2 . . 19 22 22 19 . 2 1 . . 1 Highest-Rated Group 1332 | . . 40 40 40 40 44 . . . . 95 . . . . . . 773 773 746 746 700 98 98 98 98 . . 960 1332 1332 1097 . 92 116 . . 42 Highest-Rated Ally 159 | . . 16 16 16 16 24 . . . . 39 . . . . . . 46 46 95 95 95 49 49 49 49 . . 159 159 143 116 . 46 116 . . 42 Initial Warlord ECA Mod 45 | . . . . . . . 13 12 12 12 12 24 24 24 24 23 23 23 23 23 35 35 42 42 42 42 41 41 41 41 41 41 40 40 45 45 44 43 Total Orders 32 | . . . . . . . . . . . 2 . . . . . . . . . . 2 . . . 1 . 1 . . 2 8 . . 9 . . 7 STAY 3 | . . . . . . . . . . . 1 . . . . . . . . . . 1 . . . . . . . . 1 . . . . . . . FOLLOW 3 | . . . . . . . . . . . 1 . . . . . . . . . . 1 . . . . . . . . 1 . . . . . . . EXPLORE 12 | . . . . . . . . . . . . . . . . . . . . . . . . . . . . . . . . 4 . . 3 . . 5 RETURN 14 | . . . . . . . . . . . . . . . . . . . . . . . . . . 1 . 1 . . . 4 . . 6 . . 2 Ally Attacks 979 | . . . . . 11 30 . . . . 42 . . . . . . . 87 143 5 148 6 . 10 21 . . 202 36 17 179 . 8 21 . . 13 Total Damage 26133 | . . . . . 129 582 . . . . 474 . . . . . . . 1303 3155 166 4876 170 . 337 656 . . 5615 1026 409 6189 . 167 726 . . 153 Kills 187 | . . . . . 1 7 . . . . 10 . . . . . . . 9 33 4 27 3 . 1 6 . . 31 6 2 36 . 1 8 . . 2 Allies Corrupted 4 | . . . . . . . . . . . . . . . . . . . . . . 1 . . . . . . . . . 1 . . . . . 2 Allies Melted 3 | . . . . . . . . . . . . . . . . . . . . . . . . . . 1 . . . . . . . . . . 1 1 Intel | -11 -10 -10 -10 -9 -8 -8 -8 -7 -7 -7 -7 -7 -7 -7 -7 -6 -6 -6 -6 -6 -6 -6 -5 -5 -5 -5 -4 -4 -4 -4 -4 -4 -3 -3 -3 -3 -2 -1 ------- Run | Yrd Mat Min Exi Min Mat Gar Mat Fac Was Fac Gar Fac Low Low Dat Pro Fac Was Fac Gar Fac Gar Fac Upp Upp War Pro Fac Ext Cet Arc Hub Res Gar Res Tes Res Acc Active Infowar (turns) 18146 | 24 294 . . . 413 . . 357 266 423 37 517 738 596 . 564 480 578 534 51 174 4 753 321 368 1004 597 937 1705 426 . . 1084 1091 1403 204 1402 801 Sensors 11045 | . . . . . . . . . . . . 506 738 596 . 564 480 578 534 51 174 4 753 321 368 1004 597 834 . . . . 480 . 1099 204 815 345 Terrain 318 | 24 294 . . . . . . . . . . . . . . . . . . . . . . . . . . . . . . . . . . . . . Structural 2856 | . . . . . 413 . . 357 266 423 37 11 . . . . 195 578 486 . . . 90 . . . . . . . . . . . . . . . Jamming 7841 | . . . . . . . . . . . . . . . . . . . . . . . . . . . . 103 1705 426 . . 1082 1091 1391 204 1402 437 ECM 19 | . . . . . . . . . . . . . . . . . . . . . . . . . . . . . . . . . . . . . . 19 Robot Analysis Total . | . . . . . . . . . . . . . . . . . . . . . . . . . . . . . . . . . . . . . . . Derelict Logs Recovered 11 | . . . . 2 . . . . . . . . . 2 . 2 . . . . . . . 1 3 . 1 . . . . . . . . . . . Drone Launches 40 | . . . . . . . . . . . . . . . . . . . . . . . . . . 3 . 3 . . . 7 . . 8 . . 19 Drone Recoveries 28 | . . . . . . . . . . . . . . . . . . . . . . . . . . 3 . 3 . . . 4 . . 8 . . 10 Exploration | -11 -10 -10 -10 -9 -8 -8 -8 -7 -7 -7 -7 -7 -7 -7 -7 -6 -6 -6 -6 -6 -6 -6 -5 -5 -5 -5 -4 -4 -4 -4 -4 -4 -3 -3 -3 -3 -2 -1 ------------- Run | Yrd Mat Min Exi Min Mat Gar Mat Fac Was Fac Gar Fac Low Low Dat Pro Fac Was Fac Gar Fac Gar Fac Upp Upp War Pro Fac Ext Cet Arc Hub Res Gar Res Tes Res Acc Turns Passed 33247 | 132 693 92 369 298 3202 1566 454 574 266 425 1794 766 829 784 124 581 536 578 534 1656 240 1247 818 321 388 1004 878 1205 1719 514 820 1050 1192 1122 1403 204 1402 1467 Spaces Moved 18373 | 69 389 78 338 257 1592 667 273 445 277 307 858 438 491 445 77 319 279 347 187 959 139 769 457 216 272 775 440 608 802 217 181 455 662 519 601 96 761 1311 Core 45 | 12 1 . . . . . . . . . . . . . . . . . . . . . . . . . . . . . . . . . . . . 32 Treads 9687 | 57 164 . . . 404 399 . . . 20 858 438 491 445 77 319 279 347 187 286 . . . . . . . 251 802 217 181 455 662 519 601 96 761 371 Legs . | . . . . . . . . . . . . . . . . . . . . . . . . . . . . . . . . . . . . . . . Wheels 7733 | . 224 78 338 257 1188 268 273 445 277 287 . . . . . . . . . 673 139 769 457 216 272 775 440 357 . . . . . . . . . . Hover 722 | . . . . . . . . . . . . . . . . . . . . . . . . . . . . . . . . . . . . . . 722 Flight 186 | . . . . . . . . . . . . . . . . . . . . . . . . . . . . . . . . . . . . . . 186 Fastest Speed 36 | 50 105 105 105 105 95 115 115 93 93 93 160 160 160 160 160 160 160 160 160 115 115 115 115 115 115 115 115 130 166 160 160 160 160 165 163 170 151 36 Average Speed 137 | 146 129 105 105 105 127 176 115 111 93 110 161 160 160 160 160 172 168 160 160 128 115 115 115 115 115 115 119 144 166 160 160 160 161 165 164 171 161 76 Slowest Speed 500 | 160 500 105 105 105 241 246 115 115 93 160 240 160 160 160 160 240 240 160 160 160 115 115 115 115 115 115 130 166 166 166 160 240 165 165 170 172 177 295 Overloaded Moves 38 | . . . . . . . . . . . . . . . . . . . . . . . . . . . . . . . . . . . . . . 38 Propulsion Burnouts . | . . . . . . . . . . . . . . . . . . . . . . . . . . . . . . . . . . . . . . . Robots Hopped 7 | . . . . . . . . . . . . . . . . . . . . . . . . . . . . . . . . . . . . . . 7 Potential Cave-ins 10 | . . . . . . . . . . . 1 . . . . . . . . . . . . . . . . 2 . . . . . . . . 2 5 Cave-ins Triggered . | . . . . . . . . . . . . . . . . . . . . . . . . . . . . . . . . . . . . . . . Exploration Rate (%) 49 | 7 79 24 61 50 98 79 31 13 86 12 90 15 63 60 69 55 7 96 4 91 4 90 10 43 54 79 50 20 87 68 77 49 20 67 14 21 42 51 Regions Visited 38 Branch Regions 16 Pre-discovered Areas 5 | . 1 . 1 . 1 . . . . . . . 1 . 1 . . . . . . . . . . . . . . . . . . . . . . . Known Exits Taken 21 | . . . . . 1 . 1 . . 1 . 1 1 1 1 1 . . 1 . 1 . 1 1 1 1 1 1 . . . 1 1 . 1 1 1 . Unknown Exits Taken 8 | 1 1 1 1 1 . . . . . . . . . . . . . . . . . . . . . . . . 1 1 1 . . . . . . . Scrap Searched 16 | . . 1 . 1 . . . . . . . . 3 3 . 3 . . . . . . . . 3 . 2 . . . . . . . . . . . Spaces Dug 401 | . . . . . 40 . . 1 . . 41 4 1 . . . . . 25 1 . 1 4 . . . . 63 6 17 6 155 4 . 8 3 . 21 Terrain Destroyed 1583 | 3 14 . . . 125 19 61 9 . 35 180 22 6 63 . 45 1 . 29 73 . 20 18 26 3 59 26 108 28 20 31 196 40 105 63 3 35 117 Melee . | . . . . . . . . . . . . . . . . . . . . . . . . . . . . . . . . . . . . . . . Projectile 407 | . . . . . 7 . 9 2 . 5 6 7 6 4 . 1 1 . . 2 . 9 18 2 3 1 10 53 28 20 31 30 11 17 46 3 16 59 AOE 1176 | 3 14 . . . 118 19 52 7 . 30 174 15 . 59 . 44 . . 29 71 . 11 . 24 . 58 16 55 . . . 166 29 88 17 . 19 58 Terrain Rammed . | . . . . . . . . . . . . . . . . . . . . . . . . . . . . . . . . . . . . . . . Walls Destroyed . | . . . . . . . . . . . . . . . . . . . . . . . . . . . . . . . . . . . . . . . Machines Disabled . | . . . . . . . . . . . . . . . . . . . . . . . . . . . . . . . . . . . . . . . Actions | -11 -10 -10 -10 -9 -8 -8 -8 -7 -7 -7 -7 -7 -7 -7 -7 -6 -6 -6 -6 -6 -6 -6 -5 -5 -5 -5 -4 -4 -4 -4 -4 -4 -3 -3 -3 -3 -2 -1 --------- Run | Yrd Mat Min Exi Min Mat Gar Mat Fac Was Fac Gar Fac Low Low Dat Pro Fac Was Fac Gar Fac Gar Fac Upp Upp War Pro Fac Ext Cet Arc Hub Res Gar Res Tes Res Acc Total 24311 | 85 538 88 352 281 2576 865 355 494 286 360 1120 486 518 481 77 333 328 373 414 1186 213 1036 714 273 333 873 753 846 1106 356 672 669 754 661 874 135 872 1575 Wait 3313 | . 88 11 13 12 743 24 44 16 . 4 61 21 4 4 . 1 23 5 219 54 62 149 212 40 45 50 274 149 36 86 428 128 5 43 164 15 14 66 Move 18328 | 68 388 77 337 256 1592 666 272 445 276 307 857 437 490 444 76 318 279 346 187 958 138 768 456 215 271 774 439 607 801 216 180 454 662 518 600 95 760 1298 Hop 6 | . . . . . . . . . . . . . . . . . . . . . . . . . . . . . . . . . . . . . . 6 Pick Up 234 | 3 11 . 1 3 38 4 2 1 5 10 7 2 5 2 . . 2 7 . 5 1 6 7 2 1 10 5 10 8 8 1 9 17 7 5 2 14 13 Fast Attach 150 | 7 5 . . . 13 4 . 5 1 2 3 3 3 1 . . 4 2 . 3 2 1 4 1 . 4 1 6 6 9 12 2 6 3 6 2 12 17 Attach 134 | . 1 . . 2 13 6 3 . . 4 1 . 1 . . 2 2 1 . 2 . 3 3 . 1 3 5 7 10 1 4 5 7 2 6 5 8 26 Detach 48 | . 2 . . . 4 . . 2 1 . 1 1 1 1 . . . 1 . . . . . . 1 2 1 2 8 1 7 . 2 . . 6 3 1 Swap 266 | 1 4 . . 3 23 15 3 5 . 6 29 7 5 11 1 1 9 . 3 19 4 10 3 6 4 4 5 10 2 . . 8 11 13 20 1 8 12 Drop 289 | . 14 . 1 3 37 5 3 6 3 7 7 4 2 1 . . 2 7 . 8 3 6 8 2 3 13 3 9 11 16 10 7 18 11 8 5 23 23 Fire 1128 | 6 24 . . 2 113 97 28 14 . 20 68 11 7 16 . 11 7 . 5 90 3 55 21 7 7 13 20 46 47 19 30 52 25 64 65 4 30 101 Melee 33 | . . . . . . . . . . . 10 . . . . . . . . 23 . . . . . . . . . . . . . . . . . . Ram 6 | . 1 . . . . . . . . . . . . . . . . . . . . . . . . . . . . . . . . . . . . 5 Kick . | . . . . . . . . . . . . . . . . . . . . . . . . . . . . . . . . . . . . . . . Crush 5 | . . . . . . . . . . . . . . . . . . . . . . . . . . . . . . . . 4 1 . . . . . Escape Stasis 77 | . . . . . . 22 . . . . . . . . . . . . . 16 . 32 . . . . . . . . . . . . . . . 7 Rewire 264 | . . . . . . 14 . . . . 68 . . 1 . . . 4 . . . . . . . . . . 177 . . . . . . . . . Trap 6 | . . . . . . . . . . . . . . . . . . . . . . 6 . . . . . . . . . . . . . . . . Miscellaneous 24 | . . . . . . 8 . . . . 8 . . . . . . . . 8 . . . . . . . . . . . . . . . . . . Route ------- -11/Scrapyard -10/Materials (discovered 4 exits: [*Mat x2] / [*Min x2]) -10/Mines -10/Exiles (discovered 2 exits: *Min x2) -9/Mines -8/Materials (discovered 5 exits: *Fac x3 / *Sto / Gar) -8/Garrison (discovered 3 exits: *Mat x3) -8/Materials (discovered 3 exits: *Fac x2 / Sto) -7/Factory -7/Waste -7/Factory (discovered 2 exits: *Low / Gar) -7/Garrison (discovered 3 exits: *Fac x3) -7/Factory -7/Lower Caves -7/Lower Caves -7/Data Miner -6/Proximity Caves -6/Factory -6/Waste -6/Factory -6/Garrison (discovered 3 exits: *Fac x3) -6/Factory (discovered 2 exits: *Fac / Gar) -6/Garrison (discovered 3 exits: *Fac x3) -5/Factory -5/Upper Caves -5/Upper Caves (discovered 2 exits: Fac / *War) -5/Warlord -4/Proximity Caves -4/Factory (discovered 4 exits: *Upp x2 / *Ext x2) -4/Extension (discovered 2 exits: *Res / *Cet) -4/Cetus (discovered 2 exits: *Res / [*Arc]) -4/Archives (discovered 2 exits: *Hub x2) -4/Hub_04(d) -3/Research (discovered 2 exits: *Res / Gar) -3/Garrison (discovered 3 exits: *Res x3) -3/Research -3/Testing -2/Research (discovered 2 exits: *Acc / *Qua) -1/Access History --------- Turn | Location | Event 6 | -11/Scrapyard | Discovered new exit (range 15) 133 | -11/Scrapyard | Entered Materials 156 | -10/Materials | Discovered new exit (range 16) 275 | -10/Materials | Discovered new exit (range 5) 305 | -10/Materials | Build established: Mutant 390 | -10/Materials | Discovered new exit (range 7) 762 | -10/Materials | Discovered new exit (range 11) 826 | -10/Materials | Entered Mines 828 | -10/Mines | Assisted by bots powering up and referring to "LRC-V3" 849 | -10/Mines | Met a Derelict bent on vengeance 901 | -10/Mines | Deemed a non-threat by the Exiles lab entrance 902 | -10/Mines | Discovered new exit (range 5) 918 | -10/Mines | Entered Exiles 918 | -10/Exiles | Accompanied by 3 allies 934 | -10/Exiles | Discovered new exit (range 15) 947 | -10/Exiles | Met 8R-AWN 962 | -10/Exiles | Met EX-HEX 1000 | -10/Exiles | Met EX-DEC 1019 | -10/Exiles | Learned location of Zion (-6) 1040 | -10/Exiles | Met EX-BIN 1118 | -10/Exiles | Discovered new exit (range 11) 1287 | -10/Exiles | Entered Mines 1287 | -9/Mines | Accompanied by 3 allies 1312 | -9/Mines | Found the Drone Emporium 1316 | -9/Mines | Found Prototype Device 1367 | -9/Mines | Learned Materials stockpile data 1389 | -9/Mines | Found a hidden stash of uninstalled traps 1435 | -9/Mines | Learned location of 1 exit from Proximity Caves 1497 | -9/Mines | Identified Splice Drone Bay 1536 | -9/Mines | Received a Rocket Launcher from a helpful Derelict 1573 | -9/Mines | Discovered new exit (range 4) 1585 | -9/Mines | Entered Materials 1585 | -8/Materials | Accompanied by 3 allies 1585 | -8/Materials | Evolved 4 slots: Propulsion x2, Utility x1, Weapon x1 1881 | -8/Materials | Build established: Tank 2073 | -8/Materials | Discovered new exit (range 4) 2598 | -8/Materials | Build established: Gunner 2724 | -8/Materials | Discovered new exit (range 8) 2833 | -8/Materials | Discovered new exit (range 10) 2971 | -8/Materials | Discovered new exit (range 6) 3336 | -8/Materials | Learned location of 1 exit from Extension 3392 | -8/Materials | Learned location of 1 exit from Lower Caves 3438 | -8/Materials | Learned Factory security intel 3472 | -8/Materials | Learned location of 1 exit from Recycling 3518 | -8/Materials | Learned Factory stockpile data 3636 | -8/Materials | Learned Factory scanalyzer intel 3835 | -8/Materials | Lost 3 parts (1p2n) 4787 | -8/Materials | Identified exit to Garrison 4787 | -8/Materials | Entered Garrison 4820 | -8/Garrison | Spotted B-75 Beast 4897 | -8/Garrison | Destroyed B-75 Beast 4913 | -8/Garrison | Lost 3 parts (1u2w) 4937 | -8/Garrison | Triggered checkpoint 5083 | -8/Garrison | Garrison Relay disabled 5301 | -8/Garrison | Triggered checkpoint 5351 | -8/Garrison | Triggered checkpoint 5433 | -8/Garrison | Garrison Relay disabled 5531 | -8/Garrison | Triggered checkpoint 5681 | -8/Garrison | Rescued a captive Derelict 5763 | -8/Garrison | Discovered new exit (range 10) 6009 | -8/Garrison | Discovered new exit (range 12) 6047 | -8/Garrison | Triggered checkpoint 6069 | -8/Garrison | Garrison Relay disabled 6145 | -8/Garrison | Triggered checkpoint 6146 | -8/Garrison | Core integrity fell below 50% 6197 | -8/Garrison | Triggered checkpoint 6255 | -8/Garrison | Garrison Relay disabled 6271 | -8/Garrison | Garrison Relay disabled 6317 | -8/Garrison | Spotted B-75 Beast 6317 | -8/Garrison | Spotted B-75 Beast 6337 | -8/Garrison | Triggered checkpoint 6337 | -8/Garrison | Discovered new exit (range 15) 6353 | -8/Garrison | Entered Materials 6354 | -8/Materials | Identified exit to Factory 6354 | -8/Materials | Identified exit to Storage 6807 | -8/Materials | Entered Factory 6807 | -7/Factory | Evolved 2 slots: Propulsion x1, Utility x1 6810 | -7/Factory | Loaded intel: 4 scanalyzer locations 6886 | -7/Factory | Central database locked down 7328 | -7/Factory | Build established: Scavenger-Gunner 7381 | -7/Factory | Manually triggered Chute Trap 7381 | -7/Factory | Sucked down chute 7381 | -7/Factory | Entered Waste 7381 | -7/Waste | The area was eerily silent 7583 | -7/Waste | Discovered new exit (range 15) 7647 | -7/Waste | Entered Factory 7679 | -7/Factory | Build established: Scavenger-Mutant 7863 | -7/Factory | Discovered new exit (range 10) 7880 | -7/Factory | Identified exit to Lower Caves 7985 | -7/Factory | Garrison activated, responded to threat 8072 | -7/Factory | Identified exit to Garrison 8072 | -7/Factory | Entered Garrison 8160 | -7/Garrison | Triggered checkpoint 8243 | -7/Garrison | Garrison Relay disabled 8298 | -7/Garrison | Triggered checkpoint 8408 | -7/Garrison | Build established: Tank 8453 | -7/Garrison | Discovered new exit (range 10) 8486 | -7/Garrison | Triggered checkpoint 8553 | -7/Garrison | Garrison Relay disabled 8891 | -7/Garrison | Triggered checkpoint 8900 | -7/Garrison | Triggered checkpoint 9108 | -7/Garrison | Discovered new exit (range 9) 9116 | -7/Garrison | Triggered checkpoint 9166 | -7/Garrison | Lost 4 allies 9180 | -7/Garrison | Triggered checkpoint 9202 | -7/Garrison | Garrison Relay disabled 9440 | -7/Garrison | Triggered checkpoint 9456 | -7/Garrison | Garrison Relay disabled 9528 | -7/Garrison | Garrison Relay disabled 9586 | -7/Garrison | Garrison Relay disabled 9636 | -7/Garrison | Discovered new exit (range 15) 9636 | -7/Garrison | Discovered new exit (range 53) 9636 | -7/Garrison | Discovered new exit (range 65) 9669 | -7/Garrison | Identified exit to Factory 9784 | -7/Garrison | Build established: Gunner 9786 | -7/Garrison | Garrison Relay disabled 9857 | -7/Garrison | Phase Generator disabled 9866 | -7/Garrison | Entered Factory 10266 | -7/Factory | First assault squad dispatched 10602 | -7/Factory | Discovered exit to Lower Caves (range 14) 10632 | -7/Factory | Entered Lower Caves 10633 | -7/Lower Caves | Identified exit to Lower Caves 10638 | -7/Lower Caves | Met a Warlord Commander 10639 | -7/Lower Caves | Learned location of Warlord (-5) 10640 | -7/Lower Caves | Warlord Commander delivered Encrypted Comm Array 10646 | -7/Lower Caves | Found Encrypted Comm Array 10654 | -7/Lower Caves | Build established: Skirmisher 10815 | -7/Lower Caves | Found Alien Artifact 10815 | -7/Lower Caves | Identified Core Expander 10815 | -7/Lower Caves | Installed Core Expander, added new Propulsion slot 11454 | -7/Lower Caves | Encountered a Warlord checkpoint 11461 | -7/Lower Caves | Entered another Lower Caves area 11470 | -7/Lower Caves | Encountered a Warlord checkpoint 12109 | -7/Lower Caves | Discovered new exit (range 16) 12172 | -7/Lower Caves | Identified exit to Data Miner 12245 | -7/Lower Caves | Entered Data Miner 12245 | -7/Data Miner | Discovered new exit (range 6) 12276 | -7/Data Miner | Met Data Miner 12305 | -7/Data Miner | Learned location of Section 7 (-2) 12305 | -7/Data Miner | Acquired the access code to Warlord's prototype stash 12332 | -7/Data Miner | Received God Mode back door access code from Data Miner 12367 | -7/Data Miner | Identified exit to Proximity Caves 12369 | -7/Data Miner | Entered Proximity Caves 12370 | -6/Proximity Caves | Identified exit to Factory 12485 | -6/Proximity Caves | Learned Factory stockpile data 12750 | -6/Proximity Caves | Learned Factory terminal intel 12950 | -6/Proximity Caves | Entered Factory 12950 | -6/Factory | Evolved 2 slots: Utility x2 12951 | -6/Factory | Identified exit to Lower Caves 12953 | -6/Factory | Loaded intel: 26 terminal locations 13244 | -6/Factory | Build established: Gunner 13486 | -6/Factory | Sucked down chute 13486 | -6/Factory | Entered Waste 13487 | -6/Waste | Joined by Warlord forces that had cleared the area 13610 | -6/Waste | Build established: Scavenger-Skirmisher 13943 | -6/Waste | Discovered new exit (range 12) 14056 | -6/Waste | Identified exit to Factory 14064 | -6/Waste | Entered Factory 14064 | -6/Factory | Accompanied by 20 allies 14542 | -6/Factory | Garrison activated, responded to threat 14577 | -6/Factory | Identified exit to Garrison 14598 | -6/Factory | Entered Garrison 14598 | -6/Garrison | Accompanied by 17 allies 14642 | -6/Garrison | Triggered checkpoint 14671 | -6/Garrison | Lost 3 allies 14713 | -6/Garrison | Rescued a captive Derelict 14796 | -6/Garrison | Triggered checkpoint 14828 | -6/Garrison | Triggered checkpoint 14867 | -6/Garrison | Triggered checkpoint 14870 | -6/Garrison | Triggered checkpoint 14902 | -6/Garrison | Lost 5 allies 14930 | -6/Garrison | Triggered checkpoint 14939 | -6/Garrison | Build established: Tank 14940 | -6/Garrison | Garrison Relay disabled 15016 | -6/Garrison | Triggered checkpoint 15029 | -6/Garrison | Discovered new exit (range 14) 15053 | -6/Garrison | Identified exit to Factory 15297 | -6/Garrison | Triggered checkpoint 15322 | -6/Garrison | Garrison Relay disabled 15368 | -6/Garrison | Build established: Gunner 15383 | -6/Garrison | Discovered exit to Factory (range 15) 15466 | -6/Garrison | Destroyed 7 combat bots 15533 | -6/Garrison | Triggered checkpoint 15566 | -6/Garrison | Discovered exit to Factory (range 26) 15566 | -6/Garrison | Discovered exit to Factory (range 70) 15566 | -6/Garrison | Discovered exit to Factory (range 101) 15569 | -6/Garrison | Garrison Relay disabled 15570 | -6/Garrison | Lost 4 allies 15649 | -6/Garrison | Triggered checkpoint 15680 | -6/Garrison | Garrison Relay disabled 15796 | -6/Garrison | Found embedded Infiltrators 15821 | -6/Garrison | Build established: Scavenger-Gunner 15882 | -6/Garrison | Triggered checkpoint 15918 | -6/Garrison | Triggered checkpoint 15927 | -6/Garrison | Garrison Relay disabled 16236 | -6/Garrison | Build established: Commander-Mutant 16254 | -6/Garrison | Entered Factory 16254 | -6/Factory | Accompanied by 17 allies 16254 | -6/Factory | Discovered new exit (range 6) 16279 | -6/Factory | Allied Derelicts emerged from ambush trap array 16367 | -6/Factory | Identified exit to Factory 16409 | -6/Factory | Identified exit to Garrison 16469 | -6/Factory | Garrison activated, responded to threat 16494 | -6/Factory | Entered Garrison 16494 | -6/Garrison | Accompanied by 16 allies 16531 | -6/Garrison | Triggered checkpoint 16548 | -6/Garrison | Garrison Relay disabled 16607 | -6/Garrison | Build established: Commander-Gunner 16644 | -6/Garrison | Triggered checkpoint 16651 | -6/Garrison | Triggered checkpoint 16663 | -6/Garrison | Spotted B-75 Beast 16694 | -6/Garrison | Allies destroyed B-75 Beast 16725 | -6/Garrison | Lost 6 allies 16733 | -6/Garrison | Triggered checkpoint 16771 | -6/Garrison | Triggered checkpoint 16840 | -6/Garrison | Garrison Relay disabled 16868 | -6/Garrison | Triggered checkpoint 16893 | -6/Garrison | Discovered exit to Factory (range 7) 17065 | -6/Garrison | Discovered exit to Factory (range 12) 17146 | -6/Garrison | Triggered checkpoint 17170 | -6/Garrison | Garrison Relay disabled 17238 | -6/Garrison | Lost 4 allies 17365 | -6/Garrison | Discovered exit to Factory (range 12) 17378 | -6/Garrison | Rescued a captive Derelict 17380 | -6/Garrison | Rescued a captive Derelict 17396 | -6/Garrison | Triggered checkpoint 17470 | -6/Garrison | Garrison Relay disabled 17490 | -6/Garrison | Build established: Gunner 17741 | -6/Garrison | Entered Factory 17741 | -5/Factory | Accompanied by 1 ally 17741 | -5/Factory | Evolved 2 slots: Power x1, Utility x1 17742 | -5/Factory | Identified exit to Upper Caves 18041 | -5/Factory | First assault squad dispatched 18069 | -5/Factory | Fabricated Y-64 Sentinel (x2) 18559 | -5/Factory | Entered Upper Caves 18559 | -5/Upper Caves | Accompanied by 2 allies 18603 | -5/Upper Caves | Attracted the attention of an 0b10 checkpoint 18718 | -5/Upper Caves | Learned Factory terminal intel 18825 | -5/Upper Caves | Discovered new exit (range 14) 18838 | -5/Upper Caves | Identified exit to Upper Caves 18880 | -5/Upper Caves | Entered another Upper Caves area 18880 | -5/Upper Caves | Accompanied by 2 allies 18882 | -5/Upper Caves | Attracted the attention of an 0b10 checkpoint 18934 | -5/Upper Caves | Identified exit to Factory 19007 | -5/Upper Caves | Spotted B-75 Beast 19028 | -5/Upper Caves | Allies destroyed B-75 Beast 19202 | -5/Upper Caves | Encountered a Warlord checkpoint 19223 | -5/Upper Caves | Identified exit to Warlord 19268 | -5/Upper Caves | Entered Warlord 19268 | -5/Warlord | Accompanied by 2 allies 19702 | -5/Warlord | Met Warlord 19727 | -5/Warlord | Warlord's base attacked by MAIN.C 19749 | -5/Warlord | Opened Warlord's prototype stash 19757 | -5/Warlord | Found Prototype Reactor 19757 | -5/Warlord | Identified Vortex Chain Reactor 19806 | -5/Warlord | Found Prototype Energy Cannon 19808 | -5/Warlord | Found Prototype Energy Cannon 19931 | -5/Warlord | Opened side exit 20072 | -5/Warlord | Spotted Striker 20077 | -5/Warlord | Warlord forces counterattacked 20154 | -5/Warlord | Lost 5 allies 20154 | -5/Warlord | Spotted Striker 20160 | -5/Warlord | Spotted Executioner 20220 | -5/Warlord | Found Prototype Device 20224 | -5/Warlord | Identified Adv. Kinecellerator 20228 | -5/Warlord | Found Prototype Processor 20228 | -5/Warlord | Identified Exp. Core Analyzer 20231 | -5/Warlord | Found Prototype Processor 20231 | -5/Warlord | Identified Exp. Targeting Computer 20234 | -5/Warlord | Destroyed 7 combat bots 20237 | -5/Warlord | Spotted B-86 Titan 20242 | -5/Warlord | Spotted B-75 Beast 20245 | -5/Warlord | Discovered new exit (range 16) 20270 | -5/Warlord | Lost 4 allies 20271 | -5/Warlord | Identified exit to Proximity Caves 20272 | -5/Warlord | Entered Proximity Caves 20302 | -4/Proximity Caves | Learned Research garrison access intel 20478 | -4/Proximity Caves | Received a Behemoth hack from an annoying Tinkerer 20490 | -4/Proximity Caves | Build established: Scavenger-Gunner 20865 | -4/Proximity Caves | Spotted B-86 Titan 20939 | -4/Proximity Caves | Destroyed B-86 Titan 21135 | -4/Proximity Caves | Discovered exit to Factory (range 3) 21150 | -4/Proximity Caves | Entered Factory 21150 | -4/Factory | Evolved 2 slots: Utility x2 21151 | -4/Factory | Identified exit to Upper Caves 21152 | -4/Factory | Loaded intel: 28 terminal locations 21771 | -4/Factory | Identified exit to Extension 22053 | -4/Factory | Garrison activated, responded to threat 22352 | -4/Factory | Identified Vortex Cannon (x2) 22355 | -4/Factory | Entered Extension 22356 | -4/Extension | Identified exit to Research 22577 | -4/Extension | Rescued a captive Derelict 22578 | -4/Extension | Rescued a captive Derelict 23054 | -4/Extension | Build established: Commander-Gunner 23151 | -4/Extension | Spotted B-86 Titan 23171 | -4/Extension | Allies destroyed B-86 Titan 23172 | -4/Extension | Spotted B-86 Titan 23185 | -4/Extension | Destroyed B-86 Titan 23228 | -4/Extension | Lost 6 allies 23253 | -4/Extension | Rescued a captive Derelict 23255 | -4/Extension | Rescued a captive Derelict 23313 | -4/Extension | Rescued a captive Derelict 23315 | -4/Extension | Rescued a captive Derelict 23447 | -4/Extension | Rescued A7 23493 | -4/Extension | Rescued a captive Derelict 23530 | -4/Extension | Rescued a captive Derelict 23531 | -4/Extension | Rescued a captive Derelict 23607 | -4/Extension | Rescued a captive Derelict 23607 | -4/Extension | Rescued a captive Derelict 23732 | -4/Extension | Lost 4 allies 23855 | -4/Extension | First assault squad dispatched 23870 | -4/Extension | Incoming assault squad redirected 24000 | -4/Extension | Discovered new exit (range 6) 24074 | -4/Extension | Entered Cetus 24074 | -4/Cetus | Accompanied by 19 allies (A7) 24079 | -4/Cetus | Acquired a Cetus Manufacturing Module code from A7 24093 | -4/Cetus | Spotted Cetus Guard 24097 | -4/Cetus | Spotted Cetus Guard 24097 | -4/Cetus | Allies destroyed Cetus Guard 24098 | -4/Cetus | Destroyed Cetus Guard 24099 | -4/Cetus | Spotted Cetus Guard 24101 | -4/Cetus | Spotted Cetus Guard 24106 | -4/Cetus | Allies destroyed Cetus Guard 24107 | -4/Cetus | Allies destroyed Cetus Guard 24218 | -4/Cetus | Escorted A7 to Cetus Mainframe 24236 | -4/Cetus | Started Cetus Manufacturing Module 24261 | -4/Cetus | Manufactured an Enhanced Grunt 24286 | -4/Cetus | Manufactured an Enhanced Grunt 24307 | -4/Cetus | Discovered new exit (range 16) 24311 | -4/Cetus | Manufactured an Enhanced Grunt 24336 | -4/Cetus | Manufactured an Enhanced Grunt 24338 | -4/Cetus | Spotted Cetus Guard 24338 | -4/Cetus | Spotted Cetus Guard 24343 | -4/Cetus | Spotted Cetus Guard 24343 | -4/Cetus | Spotted Cetus Guard 24352 | -4/Cetus | Destroyed Cetus Guard 24355 | -4/Cetus | Allies destroyed Cetus Guard 24356 | -4/Cetus | Allies destroyed Cetus Guard 24361 | -4/Cetus | Manufactured an Enhanced Grunt 24368 | -4/Cetus | Discovered exit to Research (range 15) 24376 | -4/Cetus | Met Revision 17 24588 | -4/Cetus | Entered Archives 24588 | -4/Archives | Accompanied by 22 allies (A7) 24593 | -4/Archives | Received a hacking code to weaken MAIN.C 24850 | -4/Archives | Discovered new exit (range 16) 24891 | -4/Archives | System corruption reached 10% 24930 | -4/Archives | Build established: Commander-Mutant 25020 | -4/Archives | Discovered new exit (range 13) 25408 | -4/Archives | Entered Hub_04(d) 25408 | -4/Hub_04(d) | Accompanied by 19 allies 25475 | -4/Hub_04(d) | Garrison activated, responded to threat 25527 | -4/Hub_04(d) | Lost 8 allies 25658 | -4/Hub_04(d) | First assault squad dispatched 25777 | -4/Hub_04(d) | Build established: Scavenger-Tank 25962 | -4/Hub_04(d) | Spotted B-86 Titan 25978 | -4/Hub_04(d) | Befriended a Behemoth using the annoying Tinkerer's hack 26048 | -4/Hub_04(d) | Lost 9 allies 26103 | -4/Hub_04(d) | Destroyed 11 combat bots 26373 | -4/Hub_04(d) | Discovered exit to Research (range 11) 26407 | -4/Hub_04(d) | Network Hub disabled 26425 | -4/Hub_04(d) | Incoming assault squad redirected 26432 | -4/Hub_04(d) | Spotted Lightning 26439 | -4/Hub_04(d) | Incoming assault squad redirected 26458 | -4/Hub_04(d) | Entered Research 26458 | -3/Research | Evolved 2 slots: Propulsion x2 26459 | -3/Research | Loaded intel: 4 garrison access locations 26658 | -3/Research | Revision forces began assault on 0b10 26780 | -3/Research | Build established: Scavenger-Gunner 26804 | -3/Research | Met up with Revision 17++ 26834 | -3/Research | Found Unknown Launcher 26845 | -3/Research | Identified Fusion Bomb Launcher 26966 | -3/Research | Found Fusion Bomb Launcher 26995 | -3/Research | Discovered new exit (range 15) 27018 | -3/Research | Identified exit to Research 27158 | -3/Research | Research terminal network offline 27415 | -3/Research | Identified exit to Garrison 27422 | -3/Research | Spotted Striker 27425 | -3/Research | Destroyed Striker 27650 | -3/Research | Identified exit to Garrison 27650 | -3/Research | Entered Garrison 27741 | -3/Garrison | Rescued a captive Derelict 27741 | -3/Garrison | Rescued a captive Derelict 27816 | -3/Garrison | Triggered checkpoint 27920 | -3/Garrison | Triggered checkpoint 27920 | -3/Garrison | Triggered checkpoint 27958 | -3/Garrison | Spotted B-86 Titan 27963 | -3/Garrison | Destroyed 7 combat bots 27973 | -3/Garrison | Destroyed B-86 Titan 28128 | -3/Garrison | Discovered new exit (range 8) 28140 | -3/Garrison | Identified exit to Research 28161 | -3/Garrison | Triggered checkpoint 28223 | -3/Garrison | Garrison Relay disabled 28322 | -3/Garrison | Triggered checkpoint 28355 | -3/Garrison | Discovered exit to Research (range 12) 28366 | -3/Garrison | Triggered checkpoint 28430 | -3/Garrison | Garrison Relay disabled 28674 | -3/Garrison | Garrison Relay disabled 28706 | -3/Garrison | Discovered exit to Research (range 14) 28772 | -3/Garrison | Entered Research 28868 | -3/Research | Spotted B-86 Titan 28872 | -3/Research | Befriended a Behemoth using the annoying Tinkerer's hack 28955 | -3/Research | Found Prototype Processor 28955 | -3/Research | Identified Exp. Signal Interpreter 29272 | -3/Research | First assault squad dispatched 29289 | -3/Research | Incoming assault squad redirected 29295 | -3/Research | Garrison activated, responded to threat 29799 | -3/Research | Incoming assault squad redirected 29836 | -3/Research | System corruption reached 10% 30050 | -3/Research | Incoming assault squad redirected 30101 | -3/Research | Discovered new exit (range 6) 30136 | -3/Research | Identified exit to Testing 30175 | -3/Research | Entered Testing 30211 | -3/Testing | Found Prototype Processor 30211 | -3/Testing | Identified Exp. Target Analyzer 30219 | -3/Testing | Found Faulty Exp. Target Analyzer 30235 | -3/Testing | Found Prototype Hackware 30329 | -3/Testing | Identified Ghost Barrier 30373 | -3/Testing | Discovered exit to Research (range 4) 30379 | -3/Testing | Entered Research 30379 | -2/Research | Warlord forces began assault on 0b10 30379 | -2/Research | Evolved 2 slots: Power x1, Utility x1 30404 | -2/Research | Distinguished unit "Lucky Slug" dispatched to help 30404 | -2/Research | Distinguished unit "Metalheads" dispatched to help 30489 | -2/Research | Research machine network offline 30593 | -2/Research | Met up with Warlord 30701 | -2/Research | Build established: Scavenger-Tank 30717 | -2/Research | Borebot progress halted 30801 | -2/Research | Borebot progress halted 30970 | -2/Research | Spotted Striker 31038 | -2/Research | Borebot progress halted 31039 | -2/Research | Discovered new exit (range 5) 31057 | -2/Research | Identified exit to Quarantine 31239 | -2/Research | Spotted Striker 31242 | -2/Research | Spotted Striker 31244 | -2/Research | Destroyed Striker 31287 | -2/Research | Lost 3 allies 31379 | -2/Research | Warlord invited to help at Command 31379 | -2/Research | Given Cave Seal Controls access code 31689 | -2/Research | Spotted Striker 31707 | -2/Research | Spotted Executioner 31712 | -2/Research | Spotted Striker 31717 | -2/Research | Destroyed Executioner 31727 | -2/Research | Destroyed Striker 31730 | -2/Research | Discovered new exit (range 15) 31748 | -2/Research | Destroyed 7 combat bots 31754 | -2/Research | Found Exp. Core Analyzer 31775 | -2/Research | Identified exit to Access 31781 | -2/Research | Entered Access 31781 | -1/Access | Evolved 2 slots: Utility x1, Weapon x1 31807 | -1/Access | Garrison activated, responded to threat 31893 | -1/Access | Spotted B-99 Colossus 31933 | -1/Access | Destroyed B-99 Colossus 31958 | -1/Access | Lost 8 allies 32335 | -1/Access | Build established: Scavenger-Gunner 32625 | -1/Access | Lost 8 parts (3n3u2w) 32817 | -1/Access | Lost 6 parts (2n4u) 32823 | -1/Access | System corruption reached 10% 32865 | -1/Access | Lost 3 allies 32932 | -1/Access | Found Exp. Signal Interpreter 33031 | -1/Access | First assault squad dispatched 33050 | -1/Access | Lost 8 parts (1p1n2u4w) 33093 | -1/Access | Spotted B-99 Colossus 33153 | -1/Access | Lost 6 parts (2p3n1u) 33167 | -1/Access | Core integrity fell below 50% 33220 | -1/Access | Core integrity fell below 20% 33224 | -1/Access | Spotted B-99 Colossus 33248 | -1/Access | Destroyed by P-80 Master with Gamma Rifle Last Messages --------------- 33204_ Imp. Corruption Screen destroyed. 33205_ System corrupted: Energy discharge (-2). 33210_ Slammed into A-15 Conveyor. 33210_ A-15 Conveyor calls for reinforcements. 33210_ ALERT: Hostile activity reported, dispatching reinforcements to area. 33211_ Slammed into A-15 Conveyor. 33219_ Lrn. Sensor Array destroyed. 33223_ System corrupted: Component data lost. 33225_ Penetrated by Slug. 33225_ Slug penetrates Wall. 33225_ Penetrated by Slug. 33226_ Acquired Unknown Hover Unit. 33226_ Identified Imp. Linear Gravjet. 33228_ K-01 Serf cleans the Terminal. 33228_ Knocked back. 33228_ Penetrated by Slug. 33228_ Cmb. Linear Gravjet destroyed. 33228_ Penetrated by Slug. 33232_ Imp. Linear Gravjet destroyed. Map ----- +----------------------------------------------------+ | " # #?????????# #??????????????????????? | | = # #?#######?# #??????????????????????? | | # #?# ### ##?????????????????????? | | ###+###### ### #?????????????????????? | | # " +?????????????????????? | | # #### #?????????????????????? | | # #??# ## #?????????????????????? | | #??###+#### #?????????????????????? | | #??? ?# #?????????????????????? | | %% #? # #?????????????????????? | | ]] ## " #p #?????????????????????? | | =]] ## """ #p #?????????????????????? | | =]] ## """ # #?????????????????????? | | ## " # #?????????????????????? | | ## # #?????????????????????? | | ## ! #s #?????????????????????? | | ## # #?????????????????????? | | ########### #?????????????????????? | | # + +?????????????????????? | | "#### ###= # #?????????????????????? | | "#??? #?# # #?????????????????????? | | ????#?# "" "" # #?????????????????????? | | ??????# ""R"" # #?????????????????????? | | ##??????# """" # +?????????????????????? | | #???????# # #?????????????????????? | | ????????# + @ #?????????????????????? | | ?????????????############# #?????????????????????? | | ?????????????????????????? #?????????????????????? | | ?????????????????????????? #?????????????????????? | | ?????????????????????????? #?????????????????????? | | ?????????????????????????? #?????????????????????? | | ???????????????????????????#?????????????????????? | | ?????????????????????????????????????????????????? | | ?????????????????????????????????????????????????? | | ?????????????????????????????????????????????????? | | ?????????????????????????????????????????????????? | | ?????????????????????????????????????????????????? | | ?????????????????????????????????????????????????? | | ?????????????????????????????????????????????????? | | ?????????????????????????????????????????????????? | | ?????????????????????????????????????????????????? | | ?????????????????????????????????????????????????? | | ?????????????????????????????????????????????????? | | ?????????????????????????????????????????????????? | | ?????????????????????????????????????????????????? | | ?????????????????????????????????????????????????? | | ?????????????????????????????????????????????????? | | ?????????????????????????????????????????????????? | | ?????????????????????????????????????????????????? | | ?????????????????????????????????????????????????? | +----------------------------------------------------+ Best States ------------- Heat Dissipation 104 Energy Generation 63 Energy Capacity 1300 Matter Stores 300 Matter Capacity 300 Sight Range 16 Robot Scan Range 18 Terrain Scan Range 16 Terrain Scan Density 10 ECM Strength 2 Jamming Range 16 Base Temperature (-) 200 Corruption Block 15 Armor Coverage 675 Propulsion Shielding 66 Weapon Cycling 20 Evasion (%) 69 Targeting Accuracy 20 Target Analysis 8 Core Analysis 12 Recoil Reduction 14 Matter Filtering 50 Kinecelleration 50 Offensive Hacking 14 Defensive Hacking 24 Authchip Count 4 Item Schematics ----------------- Hcp. Storage Unit | -8/Materials | Scanalyzed Combat Drone Bay | -7/Data Miner | Free Lgt. Regenerative Plating | -7/Data Miner | Free Cld. Aerolev Unit | -7/Data Miner | Free Gravity Neutralizer | -7/Data Miner | Free Imp. Heavy Laser | -7/Data Miner | Free Gyrokinetic Inverter | -7/Data Miner | Free Remote Force Field | -7/Data Miner | Free Hvy. Phase Cannon | -7/Data Miner | Free Imp. Arc Projector | -7/Data Miner | Free Imp. Hacking Suite | -7/Data Miner | Free Adv. Cooling System | -7/Data Miner | Free Imp. Force Field | -7/Data Miner | Free Lgt. Antimatter Reactor | -7/Data Miner | Free Robot Schematics ------------------ M-28 Smith | -7/Data Miner | Free B-48 Gladiator | -7/Data Miner | Free M-14 Sweeper | -7/Data Miner | Free A-15 Conveyor | -7/Data Miner | Free Y-64 Sentinel | -7/Data Miner | Free Fabricated ------------ Y-64 Sentinel | x2 | -5/Factory | Authchip Repaired ---------- Nothing Studied --------- Arm. Wheel | -8/Materials | Hacked EM Shotgun | -8/Materials | Hacked Rocket Launcher | -8/Materials | Hacked Gauss Cannon | -7/Factory | Hacked Adv. Assault Cannon | -6/Factory | Hacked Com. HERF Cannon | -3/Research | Hacked Linear Accelerator | -3/Research | Hacked Imp. Remote Datajack | -3/Research | Hacked Alien Tech Used ----------------- Core Expander Achievements -------------- Official Business Special Forces Challenges ------------ None Game ------ Seed AntimissileGravitySplitter Manual? 0 Play Time 06:14:35 Cumulative 519.2 hours Start 2026.01.25 @ 17:08:22 End 2026.01.26 @ 13:14:38 Sessions 9 Manual Loads 0 Difficulty Rogue Special Mode None Game No. 207 Rogue 134 Adventurer 68 Explorer 5 Win Type - Total 40 Types 21/3/4/5/3/0/1/1/0/2 Lore% 85 Gallery% 80 Achievement% 66 Wizard Run 0 Options --------- Layout 0 ASCII 0 Keyboard 0 Movement Numpad Keybinds 0 Fullscreen 1 Font 24/Smallcaps Map View 76x50 Zoom Use 0% Tactical HUD 1 Map Filters NONE Filters NONE Steam 1 RUN: 855f33e1-50d2-4abb-9c1b-8b3f884eb286